 Dungeon Crawl Stone Soup version 0.18-a0-1576-g2b87869 (webtiles) character file.

8425459 efeugfuoejbhfjlelj the Conqueror (level 27, 214/214 (218) HPs)
             Began as a Minotaur Fighter on Mar 15, 2016.
             Was the Champion of Okawaru.
             Escaped with the Orb
             ... and 15 runes on Mar 17, 2016!
             The game lasted 18:04:23 (223685 turns).

efeugfuoejbhfjlelj the Conqueror (MiFi)           Turns: 223685, Time: 18:04:24

HP:   214/214 (218) AC: 36    Str: 34      XL:     27
MP:   46/47         EV: 40    Int: 15 (16) God:    Okawaru [******]
Gold: 19476         SH: 33    Dex: 19      Spells: 13 memorised, 4 levels left

rFire  + + .     SeeInvis .     u - +9 broad axe (elec)
rCold  + + .     Gourm    .     w - +10 pearl dragon armour "Zoiwe" {rC+ rN+}
rNeg   + + +     Faith    .     a - +4 large shield {reflect}
rPois  +         Spirit   .     (helmet restricted)
rElec  +         Dismiss  .     W - +1 cloak of Horeuky {rC+ MR+++ Str+4 Dex-3}
rCorr  +         Reflect  +     M - +0 pair of gloves of Grottiness {+Inv rElec rF+ Int+3}
SustAt .         Harm     .     A - +2 pair of boots of the Ladybird {rCorr Int+3}
MR     +++++                    T - macabre finger necklace {rN+}
Stlth  ..........               l - ring "Qasyvaegh" {rElec rPois Int+5 Dex+4}
                                E - ring of Shaolin {EV+8}
                                o - ring of Fexitovu {rF+ rN+ Str+4}

@: contaminated, glowing, studying Polearms, deflect missiles, almost entirely
resistant to hostile enchantments, extremely unstealthy
A: retaliatory headbutt, horns 2, agile 1, blurry vision 3, deformed body,
deterioration 2, frail 2, low mp 1, screaming 1, slow regeneration 1, weak 1,
subdued magic 2, MP-powered wands
a: Heroism, Finesse, Renounce Religion, Evoke Invisibility
0: Orb of Zot
}: 15/15 runes: decaying, slimy, silver, golden, iron, obsidian, icy, bone,
abyssal, demonic, glowing, magical, fiery, dark, gossamer


You escaped.
You worshipped Okawaru.
Okawaru was exalted by your worship.
You were not hungry.

You visited 18 branches of the dungeon, and saw 93 of its levels.
You visited Pandemonium 1 time, and saw 28 of its levels.
You visited the Abyss 9 times.
You visited 2 ziggurats, and saw 31 of their levels (deepest: 16).
You also visited: Labyrinth, Sewer and Bailey.

You collected 22263 gold pieces.
You spent 2787 gold pieces at shops.

Inventory:

Hand Weapons
 u - a +9 broad axe of electrocution (weapon)
 Y - the +7 mace "Xopuum" {venom, rF+ rN+ SInv Stlth-}
   (You found it on level 7 of Cocytus)

   It poisons the flesh of those it strikes.
   It protects you from fire.
   It protects you from negative energy.
   It lets you see invisible.
   It makes you less stealthy.
Armour
 a - a +4 large shield of reflection (worn)
 w - the +10 pearl dragon armour "Zoiwe" (worn) {rC+ rN+}
   (You acquired it on level 8 of the Lair of Beasts)

   It protects you from cold.
   It protects you from negative energy.
 x - the +0 pair of gloves of Axtuchy {rC++ Regen+}
   (Okawaru gifted it to you on level 3 of the Realm of Zot)

   It greatly protects you from cold.
   It increases your rate of regeneration.
 A - the +2 pair of boots of the Ladybird (worn) {rCorr Int+3}
   (Okawaru gifted it to you on level 15 of a ziggurat)

   It affects your intelligence (+3).
   It protects you from acid and corrosion.
 B - the +0 shield of Crawling {MR+ Dex+2}
   (Okawaru gifted it to you on level 4 of Gehenna)

   It affects your dexterity (+2).
   It affects your resistance to hostile enchantments.
 M - the +0 pair of gloves of Grottiness (worn) {+Inv rElec rF+ Int+3}
   (You found it in Pandemonium)

   It affects your intelligence (+3).
   It protects you from fire.
   It insulates you from electricity.
   It lets you turn invisible.
 W - the +1 cloak of Horeuky (worn) {rC+ MR+++ Str+4 Dex-3}
   (Okawaru gifted it to you on level 4 of the Swamp)

   It affects your strength (+4).
   It affects your dexterity (-3).
   It protects you from cold.
   It affects your resistance to hostile enchantments.
Jewellery
 l - the ring "Qasyvaegh" (right hand) {rElec rPois Int+5 Dex+4}
   (You took it off a minotaur in a labyrinth)

   [ring of intelligence]

   It affects your intelligence (+5).
   It affects your dexterity (+4).
   It insulates you from electricity.
   It protects you from poison.
 o - the ring of Fexitovu (on amulet) {rF+ rN+ Str+4}
   (You found it on level 3 of the Crypt)

   [ring of positive energy]

   It affects your strength (+4).
   It protects you from fire.
   It protects you from negative energy.
 q - the ring of Imaf {*Corrode rElec rF+ Str+2 Stlth+}
   (You found it on level 7 of Tartarus)

   [ring of protection from fire]

   It affects your strength (+2).
   It protects you from fire.
   It insulates you from electricity.
   It may corrode your equipment when you take damage.
   It makes you more stealthy.
 E - the ring of Shaolin (left hand) {EV+8}
   (You found it on level 11 of a ziggurat)

   [ring of evasion]

   It affects your evasion (+8).
 H - the amulet "Riag" {+Rage +Fly rN+ Dex+3 SInv}
   (You found it on level 7 of Gehenna)

   [amulet of rage]

   It affects your dexterity (+3).
   It protects you from negative energy.
   It lets you see invisible.
   It lets you fly.
   It lets you go berserk.
 T - the macabre finger necklace (around neck) {rN+}
   (You took it off a deep elf sorcerer on level 3 of the Elven Halls)

   [amulet of nothing]

   It protects you from negative energy.
Wands
 c - a wand of heal wounds (0/9)
 v - a wand of disintegration (4/24)
 O - a wand of hasting (2/9)
 Q - a wand of heal wounds (5/9)
 R - a wand of teleportation (8/9)
Scrolls
 b - 11 scrolls of identify
 h - 5 scrolls of recharging
 j - 8 scrolls of summoning
 k - 18 scrolls of fog
 r - 35 scrolls of teleportation
 t - 72 scrolls of remove curse
 y - 3 scrolls of blinking
 I - 20 scrolls of fear
 L - 7 scrolls of holy word
 P - 3 scrolls of silence
Potions
 d - 5 potions of berserk rage
 e - 7 potions of heal wounds
 i - 3 potions of brilliance
 m - 6 potions of resistance
 n - 37 potions of curing
 D - 12 potions of ambrosia
 F - 6 potions of cancellation
 N - 11 potions of flight
Books
 z - the Grimoire of Boosts
   (You found it on level 7 of Tartarus)

   Spells                             Type                      Level
   a - Regeneration                   Charms/Necromancy            3
   b - Warp Weapon                    Charms/Translocation         5
   c - Haste                          Charms                       6
 G - a manual of Polearms
Miscellaneous
 g - 6 phantom mirrors
 p - a legendary deck of defence {the Elixir}
 C - a legendary deck of summoning {the Dance}
 K - a legendary deck of changes {Dowsing}
 V - a legendary deck of changes {the Shadow, drawn: 2}
Comestibles
 f - 15 bread rations
 s - 30 meat rations


   Skills:
 O Level 27 Fighting
 O Level 27 Axes
 O Level 27 Maces & Flails
 O Level 27 Armour
 O Level 27 Dodging
 O Level 27 Shields
 O Level 27 Spellcasting
 O Level 27 Conjurations
 - Level 8.7 Hexes
 - Level 6.0 Charms
 - Level 19.2 Necromancy
 - Level 19.5 Transmutations
 O Level 27 Fire Magic
 + Level 15.9 Air Magic
 - Level 10.5 Earth Magic
 - Level 10.1 Invocations
 - Level 16.0 Evocations


You had 4 spell levels left.
You knew the following spells:

 Your Spells              Type           Power        Failure   Level  Hunger
a - Regeneration          Chrm/Necr      ####......   0%          3    None
b - Shatter               Erth           ####......   100%        9    #######
c - Tornado               Air            ####......   98%         9    #######
d - Necromutation         Trmt/Necr      #####.....   1%          8    #######
e - Apportation           Tloc           ##........   1%          1    None
f - Invisibility          Hex            ###.....     1%          6    ####...
g - Repel Missiles        Chrm/Air       ####..       0%          2    None
h - Deflect Missiles      Chrm/Air       ####......   1%          6    ####...
i - Silence               Hex/Air        ####......   0%          5    None
j - Passage of Golubria   Tloc           N/A          6%          4    None
k - Bolt of Fire          Conj/Fire      ######....   0%          6    ####...
l - Lehudib's Crystal Sp  Conj/Erth      #####.....   1%          8    #######
m - Fire Storm            Conj/Fire      ######....   1%          9    #######


Dungeon Overview and Level Annotations

Branches:
Dungeon (15/15)            Temple (1/1) D:6            Lair (8/8) D:8
  Swamp (4/4) Lair:3       Spider (4/4) Lair:6        Slime (6/6) Lair:7
    Orc (2/2) D:10            Elf (3/3) Orc:2        Vaults (5/5) D:13
  Crypt (3/3) Vaults:2       Tomb (3/3) Crypt:3      Depths (5/5) D:15
   Hell (1/1)                 Dis (7/7) Hell            Geh (7/7) Hell
    Coc (7/7) Hell            Tar (7/7) Hell            Zot (5/5) Depths:5

Altars:
Ashenzari
Cheibriados
Dithmenos
Elyvilon
Fedhas
Gozag
Kikubaaqudgha
Makhleb
Nemelex Xobeh
Okawaru
Pakellas
Qazlal
Ru
Sif Muna
Trog
Vehumet
Xom
Yredelemnul
Zin
The Shining One
Beogh
Jiyva
Lugonu

Shops:
D:6 [[   D:8 %   D:10 }   D:11 *   Orc:2 *%(=   Elf:3 :   Vaults:1 %
Depths:4 [}?   Depths:5 [

Portals:
Hell: Depths:1 Depths:2 Depths:3 Depths:4 Depths:5
Abyss: Depths:1 Depths:4 Depths:5
Pandemonium: Depths:2 Depths:3
Trove: D:10 (give +5 fire dragon armour)

Annotations:
Spider:4 1 exclusion


Innate Abilities, Weirdness & Mutations

You reflexively headbutt those who attack you in melee.
You have a pair of horns on your head.
You are agile. (Dex +2)
Scrolls take you much longer to read.
Armour fits poorly on your strangely shaped body.
Your body often deteriorates upon taking damage.
You are very frail (-20% HP).
Your magical capacity is low (-10% MP).
You occasionally shout uncontrollably at your foes.
You regenerate slowly when monsters are visible.
You are weak. (Str -2)
Your spells are easier to cast, but less powerful.
You expend magic power (3 MP) to strengthen your wands.


Message History

You block the ynoxinul's attack.
You barely miss the ynoxinul. You headbutt the ynoxinul!
You kill the ynoxinul!
Okawaru accepts your kill.
No target in view!
No target in view!
You feel yourself slow down.
There is an open door here.
Evoke which item? (* to show all) (? for menu, Esc to quit)
Zapping:
v - a wand of disintegration (5/24)
Press: ? - help, Shift-Dir - straight line The rock wall explodes into countless fragments.
This wand has 4 charges left.
There is an open door here.
There is an open door here.
There is a staircase leading out of the dungeon here.
Drink which item? (? for menu, Esc to quit)
Okay, then.
You can't go down here!
You have escaped!

####.# #........# #....#..#.#
#....# #........# ######..#.####
#.#######........# #..#.....
#.......#........########..#..###
#..######........#.....#......###
#..# ####........#.....#...#.....
#..###..#........'.[...###.######
#...)...#'########.....# #.#
#...###.....##.'@#.....# #.#
#...# #.......'####'#### #.##
##..###.....##..'...# #..#
#..........##..#...# ##.#
#.###.##.#..####...# #.#
#.###.#....########## #.#
#(....†....# #.##...### #.#
#####.#...## #........####.#
#.##.## #...........#.#


There were no monsters in sight!

Vanquished Creatures
  Cerebov (Pan)
  Antaeus (Coc:7)
  Asmodeus (Geh:7)
  the Royal Jelly (Slime:6)
  Ereshkigal (Tar:7)
  the Serpent of Hell (Dis:7)
  A seraph (Zot:5)
  Lom Lobon (Pan)
  Gloorx Vloq (Pan)
  16 ancient liches
  Dispater (Dis:7)
  Mnoleg (Pan)
  7 orbs of fire
  Mennas (Pan)
  Mara (Swamp:3)
  2 juggernauts
  Sojobo (Depths:3)
  10 iron giants
  22 greater mummies
  37 shard shrikes
  Frederick (Tomb:3)
  7 Killer Klowns
  3 curse toes
  Geryon (Hell)
  3 caustic shrikes
  14 golden dragons
  8 profane servitors
  Xtahua (Depths:5)
  3 pearl dragons (Zig:14)
  15 doom hounds
  Jory (Depths:3)
  71 Brimstone Fiends
  Arachne (Spider:2)
  3 electric golems
  90 bone dragons
  42 liches
  6 hellephants
  21 Hell Sentinels
  64 Ice Fiends
  39 tentacled monstrosities
  23 pandemonium lords
  29 Orb Guardians
  A deep elf blademaster (Elf:3)
  64 Shadow Fiends
  11 quicksilver dragons
  13 titans
  15 sphinxes
  2 deep elf master archers (Elf:3)
  33 acid blobs
  2 thorn hunters
  13 death cobs
  73 Executioners
  19 ancient champions
  134 tentacled starspawn
  6 draconian monks
  Roxanne (Swamp:4)
  5 tengu reavers
  9 daevas
  17 shadow dragons
  16 eldritch tentacles
  14 azure jellies
  16 fire giants
  18 storm dragons
  6 revenants
  11 draconian knights
  16 blood saints
  6 iron dragons
  18 frost giants
  10 greater nagas
  Maud (Lair:5)
  21 vault wardens
  12 deep elf sorcerers
  65 balrugs
  6 draconian zealots
  Donald (Crypt:2)
  2 orc warlords
  12 ghost moths
  11 chaos champions (Pan)
  3 draconian scorchers (Abyss:1)
  410 large abominations
  A juggernaut zombie (Depths:1)
  9 draconian shifters
  Louise (Spider:3)
  47 cacodemons
  The ghost of efeugfuoejbhfjlelj the Severer, a journeyman MiFi of Okawaru (Lair:8)
  11 emperor scorpions
  11 angels
  5 curse skulls
  20 warmongers
  5 draconian annihilators
  A juggernaut skeleton (Zig:15)
  12 ghouls
  5 ophanim
  153 reapers
  11 deep elf elementalists
  A spriggan defender (Depths:4)
  64 very ugly things
  48 stone giants
  13 war gargoyles
  4 apis (Zig:14)
  21 ironheart preservers
  5 elemental wellsprings
  23 vampire knights
  12 deep elf demonologists
  10 green draconians
  14 black draconians
  14 corrupters (Pan)
  16 deep elf annihilators
  5 draconian callers
  16 white draconians
  9 bennus
  25 salamander stormcallers
  19 yellow draconians
  9 purple draconians
  19 black suns (Pan)
  2 dire elephants
  Azrael (Spider:1)
  7 mottled draconians
  21 spark wasps
  51 lorocyprocas
  8 red draconians
  5 deep elf death magi
  58 green deaths
  19 ettins
  A merfolk javelineer (Abyss:1)
  A spectral kraken (Tar:7)
  68 blizzard demons
  9 jiangshi
  28 fire dragons
  9 death oozes
  A crystal guardian (Zig:12)
  23 mummy priests
  10 eidola
  18 yaktaur captains
  4 kraken zombies
  47 vault guards
  A minotaur (Lab)
  37 great orbs of eyes
  12 quicksilver dragon zombies
  6 deep elf high priests
  Snorg (D:12)
  A great orb of eyes (shapeshifter) (Vaults:4)
  15 ogre magi
  An entropy weaver (shapeshifter) (Zig:12)
  11 naga warriors
  15 hell beasts
  23 monstrous demonspawn
  5 quicksilver dragon skeletons
  40 ice dragons
  3 anacondas
  43 hydras
  14 entropy weavers
  13 spriggan air magi
  2 iron giant zombies
  33 rakshasas
  A catoblepas (Zig:9)
  A merfolk avatar (Abyss:1)
  12 centaur warriors
  3 ghost crabs
  2 deep troll shamans
  3 death knights
  21 alligators
  44 dancing weapons
  11 tengu warriors
  13 deep troll earth magi
  5 death yaks
  16 vampire magi
  24 titan zombies
  8 orc high priests
  A hell hog (shapeshifter) (Depths:1)
  113 soul eaters
  49 hell hogs
  113 thrashing horrors
  4 naga sharpshooters
  8 spriggan berserkers
  10 shock serpents
  311 small abominations
  27 deep elf knights
  7 salamander mystics
  173 sun demons
  16 storm dragon zombies
  Nergalle (Lair:1)
  18 iron golems
  12 iron trolls
  3 fire crabs (shapeshifter)
  72 death scarabs
  A fire crab (Vaults:4)
  86 hell knights
  260 skeletal warriors
  9 titan skeletons
  24 anaconda zombies
  17 storm dragon skeletons
  19 shadow wraiths
  5 cherubim (Zig:14)
  20 infernal demonspawn
  8 golden dragon zombies
  39 spatial maelstroms
  5 death drakes
  16 gelid demonspawn (Pan)
  23 giant orange brains
  112 wretched stars
  2 ghost moth zombies
  2 spark wasp zombies
  29 deep trolls
  14 unseen horrors
  4 quicksilver dragon simulacra
  48 shadow demons
  A sea snake (Abyss:1)
  10 shadow dragon zombies
  3 unseen horrors (shapeshifter)
  14 wizards
  17 deep elf archers
  17 putrid demonspawn (Pan)
  27 flayed ghosts
  17 swamp dragons
  22 orc knights
  Pikel (D:5)
  21 anubis guards
  A swamp dragon (shapeshifter) (Vaults:4)
  22 ironbrand convokers
  17 anaconda skeletons
  43 phantasmal warriors
  26 torturous demonspawn (Pan)
  3 harpies (shapeshifter)
  5 harpies
  39 necromancers
  23 iron dragon zombies
  12 hill giants
  10 shambling mangroves
  6 golden dragon skeletons
  2 orange crystal statues (Elf:2)
  25 orb spiders
  21 stone giant zombies
  A sphinx skeleton (Vaults:4)
  8 mana vipers
  13 shining eyes
  6 oklob plants
  10 wolf spider zombies
  95 deep elf magi
  22 frost giant zombies
  4 sphinx zombies
  A statue (Abyss:1)
  20 hornets
  11 shadow dragon skeletons
  111 ugly things
  24 fire giant zombies
  52 wolf spiders
  A hornet (shapeshifter) (Depths:4)
  6 griffons
  12 iron dragon skeletons
  4 salamanders (shapeshifter)
  A hell hog skeleton (Crypt:1)
  14 orc sorcerers
  80 sixfirhies
  3 manticores (shapeshifter)
  18 elephants
  34 moths of wrath
  Maurice (D:8)
  15 naga magi
  7 cyclopes
  4 elf zombies
  41 salamanders
  15 frost giant skeletons
  21 black mambas
  24 apocalypse crabs
  3 centaur zombies
  2 shock serpent zombies
  9 eyes of devastation
  78 rust devils
  12 dire elephant zombies
  19 vault sentinels
  14 stone giant skeletons
  4 ice statues
  A titan simulacrum (Abyss:1)
  46 worldbinders
  4 black mambas (shapeshifter)
  20 guardian serpents
  2 guardian serpents (shapeshifter)
  113 orange demons
  216 smoke demons
  27 spiny frogs
  A water nymph (Abyss:1)
  Joseph (D:7)
  7 torpor snails
  15 molten gargoyles
  An elephant slug zombie (Crypt:1)
  A storm dragon simulacrum (Depths:2)
  4 shock serpent skeletons
  13 fire giant skeletons
  3 gargoyles
  14 dire elephant skeletons
  5 catoblepas zombies
  71 hellions
  5 spriggan zombies
  9 spectral swamp worms (Tar:7)
  18 komodo dragons
  10 kobold demonologists
  11 emperor scorpion zombies
  5 rime drakes
  A komodo dragon (shapeshifter) (Abyss:1)
  91 freezing wraiths
  38 guardian mummies
  67 yaktaurs
  An anaconda simulacrum (Abyss:1)
  A rime drake (shapeshifter) (Vaults:4)
  A pale draconian skeleton (Crypt:3)
  A grey draconian zombie (Crypt:1)
  44 efreet
  52 hellwings
  76 demonic crawlers
  68 ice devils
  A yellow draconian skeleton (Crypt:1)
  124 tormentors
  3 golden dragon simulacra
  4 catoblepas skeletons
  A green draconian skeleton (Pan)
  40 hydra zombies
  6 spriggan druids
  3 yaktaur skeletons
  2 redback zombies (D:15)
  A yaktaur (shapeshifter) (Abyss:1)
  5 silent spectres
  5 tengu conjurers
  94 ancient zymes
  47 jumping spiders
  122 red devils
  15 wind drakes (Pan)
  2 shadow dragon simulacra (Abyss:1)
  A wolf spider simulacrum (Abyss:1)
  14 harpy zombies
  11 trolls
  4 polar bears
  A slime creature (shapeshifter) (Abyss:1)
  A polar bear (shapeshifter) (Depths:3)
  A giant leech (shapeshifter) (Vaults:5)
  13 giant leeches
  A minotaur zombie (Abyss:1)
  An entropy weaver zombie (Hell)
  2 jumping spiders (shapeshifter)
  38 two-headed ogres
  11 boulder beetles
  2 blink frogs (shapeshifter)
  10 bog bodies
  Prince Ribbit (D:6)
  A frost giant simulacrum (Coc:4)
  8 harpy skeletons
  19 ettin zombies
  20 ice dragon zombies
  14 fire dragon zombies
  18 hydra skeletons
  A minotaur skeleton (Crypt:1)
  2 iron dragon simulacra
  245 raiju
  A snapping turtle (shapeshifter) (Abyss:1)
  14 alligator zombies
  37 blink frogs
  25 ushabtiu
  2 stone giant simulacra
  A sphinx simulacrum (Zig:15)
  A raiju (shapeshifter) (Vaults:1)
  7 air elementals
  7 fire giant simulacra
  308 flying skulls
  7 black mamba zombies
  7 alligator skeletons
  483 starcursed masses
  25 water elementals
  20 ettin skeletons
  158 slime creatures
  A guardian serpent skeleton (Crypt:2)
  70 shadows
  12 ice dragon skeletons
  215 ynoxinuls
  59 yaks
  A dire elephant simulacrum (Tar:2)
  22 spriggans
  82 wraiths
  8 wyverns
  14 fire dragon skeletons
  6 vampires (Abyss:1)
  75 redbacks
  A tarantella (shapeshifter) (Abyss:1)
  4 black mamba skeletons (Abyss:1)
  47 fire elementals
  A hill giant zombie (Crypt:3)
  39 tarantellas
  A yak (shapeshifter) (Vaults:2)
  Eustachio (D:4)
  7 basilisks
  A giant leech zombie (Crypt:3)
  2 basilisks (shapeshifter) (Abyss:1)
  9 hippogriffs
  A hog (shapeshifter) (Vaults:4)
  18 fire bats
  A fire bat (shapeshifter) (Vaults:1)
  2 golden eyes (shapeshifter)
  16 golden eyes
  7 humans (Zot:4)
  19 hungry ghosts
  111 neqoxecs
  2 hippogriffs (shapeshifter)
  A redback simulacrum (D:14)
  34 vampire mosquitoes
  A steam dragon (Zig:14)
  72 spatial vortices
  An infernal demonspawn zombie (Crypt:1)
  138 chaos spawn
  A mottled dragon (shapeshifter) (Depths:1)
  3 merfolk zombies
  16 nagas
  A harpy simulacrum (Abyss:1)
  6 mottled dragons
  48 insubstantial wisps
  5 wargs
  A naga (shapeshifter) (Abyss:1)
  A water moccasin (shapeshifter) (Abyss:1)
  A soldier ant (D:13)
  16 swamp worms
  4 ogre zombies
  25 spiny frog zombies
  22 water moccasins
  177 hell hounds
  5 hydra simulacra
  10 porcupines
  A slave (D:5)
  25 eyes of draining
  10 sky beasts
  23 swamp drakes
  38 wasps
  A water nymph skeleton (Crypt:3)
  11 spiny frog skeletons
  2 alligator simulacra (Coc:1)
  6 black bears
  80 orc warriors
  An ettin simulacrum (Tomb:3)
  5 manticore zombies
  2 merfolk skeletons
  2 swamp dragon zombies
  20 boggarts
  24 ice beasts
  An eye of draining (shapeshifter) (Depths:4)
  23 phantoms
  15 snapping turtle zombies
  42 necrophages
  A tengu (shapeshifter) (Vaults:5)
  5 swamp dragon skeletons
  54 ogres
  22 centaurs
  A blink frog skeleton (Crypt:2)
  14 snapping turtle skeletons
  6 manticore skeletons
  46 wolves
  12 crocodiles
  Blork the orc (D:5)
  13 big kobolds
  27 giant frogs
  4 spiny frog simulacra
  11 earth elementals
  An elf skeleton (Geh:6)
  72 jellies
  8 human skeletons
  6 scorpions
  4 wyvern skeletons
  A troll zombie (Crypt:1)
  5 human simulacra
  2 snapping turtle simulacra
  10 killer bees
  A troll skeleton (Tar:1)
  145 wights
  5 spriggan skeletons
  9 electric eels
  11 howler monkeys
  45 crimson imps
  A giant frog zombie (D:13)
  A wolf skeleton (Crypt:3)
  52 quasits
  2 hounds (D:7)
  A human zombie (Coc:6)
  114 iron imps
  A wyvern simulacrum (D:14)
  2 elf simulacra
  2 giant frog skeletons
  8 centaur skeletons
  37 orc priests
  20 orc wizards
  Ijyb (D:4)
  A demonspawn skeleton (Crypt:3)
  21 iguanas
  8 worker ants
  A lightning spire (Zig:12)
  19 sheep
  3 tengu zombies
  A felid zombie (Crypt:1)
  A demigod zombie (Crypt:2)
  4 tengu skeletons
  2 naga skeletons
  An ogre skeleton (Tar:7)
  A hound skeleton (D:7)
  48 mummies
  A worker ant zombie (D:10)
  Robin (D:3)
  33 adders
  6 gnolls
  A howler monkey skeleton (D:5)
  42 river rats
  32 shadow imps
  117 white imps
  A giant eyeball (Pan)
  47 ufetubi
  8 oozes (Sewer)
  An adder skeleton (D:7)
  4 worms
  2 ball lightnings (Pan)
  2 dart slugs (D:2)
  8 giant geckos
  188 orcs
  3 bats
  7 giant cockroaches
  12 hobgoblins
  9 jackals
  29 kobolds
  7 quokkas
  3 ball pythons
  7 giant newts
  A giant newt zombie (Crypt:2)
  30 goblins
  A jackal skeleton (Crypt:3)
  3 kobold zombies
  An orc zombie (Tar:5)
  14 rats
  A rat zombie (Crypt:3)
  A crawling corpse (Elf:3)
  2 fire vortices
  A fungus (Lair:1)
  11 lurking horrors
  5 plants
  114 starspawn tentacles
  3 starspawn tentacle segments (Abyss:1)
  12 tentacles
  A withered plant (Crypt:2)
12549 creatures vanquished.

Vanquished Creatures (others)
  A shard shrike (Coc:5)
  5 eldritch tentacles
  A draconian annihilator (Zig:10)
  An elemental wellspring (Coc:7)
  6 stone giants
  A mottled draconian (Zot:3)
  5 bennus
  A purple draconian (Zot:2)
  A deep elf annihilator (Pan)
  A white draconian (Zot:5)
  A green death (Pan)
  A deep elf high priest (Elf:2)
  A rakshasa (Pan)
  A hydra (Swamp:4)
  2 centaur warriors
  A thrashing horror (Abyss:1)
  2 naga sharpshooters
  A spriggan berserker (Swamp:4)
  A deep elf knight (D:10)
  A sun demon (Pan)
  A soul eater (Pan)
  An unseen horror (Zig:8)
  2 large abominations (Abyss:1)
  An anaconda skeleton (Tomb:2)
  2 necromancers
  A phantasmal warrior (Tar:2)
  2 anubis guards
  An orb spider (Abyss:1)
  A shining eye (Abyss:1)
  A frost giant skeleton (Tomb:2)
  A naga mage (Zig:10)
  A smoke demon (Pan)
  2 tormentors
  7 yaktaurs
  A freezing wraith (Zig:12)
  2 hellwings (Pan)
  A red devil (Dis:7)
  A jumping spider (Spider:4)
  A wind drake (Pan)
  A troll (Zot:1)
  A giant leech (Swamp:3)
  A bog body (Zig:13)
  An ushabti (Tomb:3)
  3 shadows
  A water elemental (Abyss:1)
  A wraith (Geh:5)
  11 flying skulls
  A neqoxec (Pan)
  4 golden eyes (Abyss:1)
  2 chaos spawn (Pan)
  A vampire mosquito (Swamp:1)
  A spiny frog zombie (Tomb:2)
  A hell hound (Dis:7)
  4 swamp drakes
  An ogre (Vaults:5)
  A wasp (Zig:13)
  A manticore zombie (Dis:6)
  3 boggarts
  2 eyes of draining
  3 small abominations (Abyss:1)
  9 centaurs
  A snapping turtle simulacrum (Abyss:3)
  A crimson imp (Geh:1)
  A starcursed mass (Abyss:1)
  An iron imp (Abyss:1)
  A jelly (Zot:2)
  5 mummies (Tomb:2)
  A shadow imp (Abyss:1)
  3 white imps (Geh:1)
  A giant eyeball (Pan)
  An ufetubus (Abyss:1)
  10 ball lightnings (Pan)
  A giant newt (D:5)
  2 bushes
  A crawling corpse (Elf:3)
  A demonic plant (Abyss:1)
  611 eldritch tentacle segments
  11 fire vortices
  21 fungi
  10 lost souls
  20 lurking horrors
  17 plants
  165 starspawn tentacles
  890 starspawn tentacle segments
  17 tentacles
  250 tentacle segments
2162 creatures vanquished.

Grand Total: 14711 creatures vanquished

Notes
Turn   | Place    | Note
--------------------------------------------------------------
     0 | D:1      | efeugfuoejbhfjlelj the Minotaur Fighter began the quest for the Orb.
     0 | D:1      | Reached XP level 1. HP: 19/19 MP: 0/0
   327 | D:1      | Reached XP level 2. HP: 27/27 MP: 1/1
  1023 | D:2      | Reached XP level 3. HP: 31/33 MP: 2/2
  1540 | D:2      | Reached XP level 4. HP: 36/40 MP: 3/3
  1579 | D:2      | Found an oddly glowing altar of Pakellas.
  1788 | D:2      | Reached skill level 5 in Axes
  2016 | D:3      | Gained mutation: You have supernaturally acute eyesight. [potion of beneficial mutation]
  2441 | D:3      | Reached XP level 5. HP: 46/46 MP: 4/4
  2727 | D:3      | Noticed Robin
  2735 | D:3      | Killed Robin
  2868 | D:3      | Found a faded altar to an unknown god.
  3495 | D:4      | Reached skill level 1 in Dodging
  3672 | D:4      | Noticed an ogre
  3677 | D:4      | Killed an ogre
  3677 | D:4      | Reached XP level 6. HP: 47/55 MP: 5/5
  3726 | D:4      | Reached skill level 5 in Fighting
  3854 | D:4      | Reached XP level 7. HP: 47/61 MP: 6/6
  4201 | D:4      | Reached skill level 5 in Armour
  4579 | D:4      | Noticed Ijyb
  4594 | D:4      | Killed Ijyb
  4717 | D:4      | Noticed Eustachio
  4749 | D:4      | Killed Eustachio
  4749 | D:4      | Reached skill level 5 in Shields
  4989 | D:5      | Entered Level 5 of the Dungeon
  5022 | D:5      | Reached XP level 8. HP: 68/71 MP: 7/7
  5050 | D:5      | Noticed Blork the orc
  5063 | D:5      | Killed Blork the orc
  5072 | D:5      | Got a polished leather armour
  5147 | D:5      | Found a glowing drain.
  5157 | Sewer    | Entered a sewer
  5158 | Sewer    | Identified the cursed +0 leather armour of Valour {*Confuse rElec rPois Int+8} (You found it on level 5 of the Dungeon)
  5810 | D:5      | Found a basalt altar of Yredelemnul.
  5955 | D:5      | Noticed Pikel
  5988 | D:5      | Killed Pikel
  5988 | D:5      | Reached XP level 9. HP: 60/81 MP: 8/8
  6340 | D:6      | Found Cilioth's Antique Armour Shop.
  6343 | D:6      | Found a staircase to the Ecumenical Temple.
  6348 | D:6      | Bought an embroidered cloak for 153 gold pieces
  6380 | Temple   | Entered the Ecumenical Temple
  6744 | D:6      | Noticed Prince Ribbit
  6749 | D:6      | Killed Prince Ribbit
  6788 | D:6      | Found Saredwu's Armour Shoppe.
  6808 | D:6      | Found an ancient bone altar of Kikubaaqudgha.
  7007 | D:6      | Reached skill level 5 in Dodging
  7780 | D:7      | Reached skill level 10 in Axes
  7804 | D:7      | Found a deep blue altar of Sif Muna.
  7818 | D:7      | Noticed Joseph
  7828 | D:7      | Killed Joseph
  8026 | D:7      | Reached XP level 10. HP: 91/91 MP: 9/9
  8393 | D:8      | Found a sparkling altar of Nemelex Xobeh.
  8438 | D:8      | Found Cucvenot's Food Boutique.
  8479 | D:8      | Found a blossoming altar of Fedhas.
  8758 | D:8      | Noticed Maurice
  8776 | D:8      | Killed Maurice
  8776 | D:8      | Reached skill level 10 in Fighting
  8802 | D:8      | Found a staircase to the Lair.
  9053 | D:8      | Found an iron altar of Okawaru.
  9061 | D:8      | Became a worshipper of Warmaster Okawaru
  9185 | D:9      | Got a brightly glowing flail
  9186 | D:9      | Identified the +7 flail "Vefe" {freeze, *Drain rN+++ Dex+6 Stlth+} (You found it on level 9 of the Dungeon)
  9374 | D:9      | Found an opulent altar of Gozag.
  9374 | D:9      | Found a glowing silver altar of Zin.
  9375 | D:9      | Found a burning altar of Makhleb.
  9514 | D:9      | Found a sacrificial altar of Ru.
  9582 | D:9      | Reached * piety under Okawaru
  9915 | D:10     | Entered Level 10 of the Dungeon
  9922 | D:10     | Noticed a hill giant
  9928 | D:10     | Killed a hill giant
  9928 | D:10     | Reached skill level 1 in Maces & Flails
  9936 | D:10     | Got a transparent leather armour
  9947 | D:10     | Identified the +2 leather armour of Modesty {Str+4 Int-5} (You found it on level 10 of the Dungeon)
  9947 | D:10     | Lost intelligence.
 10186 | D:10     | Found a portal to a secret trove of treasure.
 10293 | D:10     | Found a roughly hewn altar of Beogh.
 10350 | D:10     | Reached ** piety under Okawaru
 10350 | D:10     | Reached XP level 11. HP: 91/102 MP: 10/10
 10356 | D:10     | Found a staircase to the Orcish Mines.
 10408 | D:10     | Noticed a deep elf knight
 10412 | D:10     | Noticed a deep elf knight
 10415 | D:10     | Noticed a wizard
 10415 | D:10     | Killed a deep elf knight
 10416 | D:10     | Noticed a wizard
 10421 | D:10     | Killed a deep elf knight
 10425 | D:10     | Killed a wizard
 10435 | D:10     | Killed a wizard
 10495 | D:10     | Found Hiwnauwaets's Gadget Boutique.
 10786 | D:10     | Reached *** piety under Okawaru
 11023 | Lair:1   | Entered Level 1 of the Lair of Beasts
 11235 | Lair:1   | Noticed Nergalle
 11250 | Lair:1   | Killed Nergalle
 11411 | Lair:1   | Reached **** piety under Okawaru
 11775 | Lair:1   | Reached skill level 1 in Invocations
 11775 | Lair:1   | Reached XP level 12. HP: 104/113 MP: 11/11
 12279 | Lair:2   | Reached ***** piety under Okawaru
 12282 | Lair:2   | Reached skill level 5 in Maces & Flails
 12368 | Lair:2   | Learned a level 3 spell: Regeneration
 12433 | Lair:2   | Received a gift from Okawaru
 12885 | Lair:2   | Noticed a six-headed hydra
 12892 | Lair:2   | Killed a six-headed hydra
 13273 | Lair:3   | Found a staircase to the Swamp.
 13703 | Lair:3   | Noticed a five-headed hydra
 13717 | Lair:3   | Killed a five-headed hydra
 13717 | Lair:3   | Reached skill level 10 in Armour
 13733 | Lair:3   | Noticed a four-headed hydra
 13739 | Lair:3   | Killed a four-headed hydra
 13786 | Lair:3   | Reached skill level 10 in Shields
 14168 | Lair:3   | Noticed a four-headed hydra
 14175 | Lair:3   | Killed a four-headed hydra
 14628 | Lair:4   | Found a labyrinth entrance.
 14678 | Lab      | Entered a labyrinth
 14894 | Lab      | Noticed a minotaur
 14903 | Lab      | Killed a minotaur
 14905 | Lab      | Got a brightly glowing bronze ring
 14908 | Lab      | Got a jewelled ring mail
 14910 | Lab      | Identified the Tome of Confrontation
 14924 | Lair:4   | Identified the +1 ring mail of Baldness {rElec} (You took it off a minotaur in a labyrinth)
 14936 | Lair:4   | Identified the ring "Qasyvaegh" {rElec rPois Int+5 Dex+4} (You took it off a minotaur in a labyrinth)
 15115 | Lair:4   | Reached XP level 13. HP: 123/123 MP: 14/14
 15133 | Lair:4   | Received a gift from Okawaru
 16019 | Lair:5   | Noticed Maud
 16036 | Lair:5   | Killed Maud
 16036 | Lair:5   | Received a gift from Okawaru
 16044 | Lair:5   | Got a twisted scale mail {god gift}
 16080 | Lair:5   | Identified the +1 scale mail "Xoimakh" {rF- Str+4} (Okawaru gifted it to you on level 5 of the Lair of Beasts)
 16890 | Lair:6   | Reached skill level 1 in Evocations
 17557 | Lair:6   | Found a hole to the Spider Nest.
 18237 | Lair:7   | Reached ****** piety under Okawaru
 18638 | Lair:7   | Received a gift from Okawaru
 18659 | Lair:7   | Reached skill level 15 in Fighting
 18661 | Lair:7   | Reached XP level 14. HP: 115/135 MP: 16/16
 18808 | Lair:7   | Reached skill level 10 in Dodging
 19043 | Lair:7   | Found a viscous altar of Jiyva.
 19043 | Lair:7   | Found a staircase to the Slime Pits.
 19199 | Lair:8   | Entered Level 8 of the Lair of Beasts
 19199 | Lair:8   | Noticed efeugfuoejbhfjlelj's ghost (journeyman MiFi)
 19207 | Lair:8   | Killed efeugfuoejbhfjlelj's ghost
 19640 | Lair:8   | Identified 3 scrolls of acquirement
 19648 | Lair:8   | Got a faintly glowing pearl dragon armour
 19673 | Lair:8   | Identified the +10 pearl dragon armour "Zoiwe" {rC+ rN+} (You acquired it on level 8 of the Lair of Beasts)
 19854 | Lair:8   | Received a gift from Okawaru
 20366 | Lair:8   | Received a gift from Okawaru
 20371 | Lair:8   | Got a faintly glowing hand axe {god gift}
 21529 | D:11     | Found Evvisepu's Assorted Antiques.
 22097 | D:12     | Received a gift from Okawaru
 22694 | D:12     | Noticed Snorg
 22711 | D:12     | Killed Snorg
 22711 | D:12     | Reached XP level 15. HP: 137/143 MP: 17/17
 23666 | D:13     | Found a gate to the Vaults.
 23749 | D:13     | Received a gift from Okawaru
 24208 | D:14     | Identified the +3 hand axe of Arrival {drain, *Corrode rC+ Int+2} (Okawaru gifted it to you on level 8 of the Lair of Beasts)
 24212 | D:14     | Found a glowing silver altar of Zin.
 24396 | D:14     | Reached skill level 10 in Maces & Flails
 24782 | D:14     | Received a gift from Okawaru
 24935 | D:15     | Entered Level 15 of the Dungeon
 25202 | D:15     | Found a shimmering altar of Xom.
 25391 | D:15     | Reached skill level 15 in Axes
 25426 | D:15     | Found a staircase to the Depths.
 25808 | Orc:1    | Entered Level 1 of the Orcish Mines
 25871 | Orc:1    | Found a flagged portal.
 25892 | Bailey   | Entered a bailey
 26292 | Bailey   | Found a roughly hewn altar of Beogh.
 26707 | Orc:2    | Entered Level 2 of the Orcish Mines
 27260 | Orc:2    | Found a roughly hewn altar of Beogh.
 27292 | Orc:2    | Paralysed by an orc sorcerer for 7 turns
 27302 | Orc:2    | Received a gift from Okawaru
 27341 | Orc:2    | Got a crude flail {god gift}
 27342 | Orc:2    | Identified the +11 flail "Dragonslayer" {crush, Str+5 Int+4} (Okawaru gifted it to you on level 2 of the Orcish Mines)
 27487 | Orc:2    | Found Aduy's Food Emporium.
 27507 | Orc:2    | Found Kiasoar's General Store.
 27734 | Orc:2    | Reached XP level 16. HP: 154/154 MP: 18/18
 27755 | Orc:2    | Got a twisted trident
 27756 | Orc:2    | Identified the +2 trident of Duty {venom, Dex+4} (You found it on level 2 of the Orcish Mines)
 27837 | Orc:2    | Found a staircase to the Elven Halls.
 27923 | Orc:2    | Found a roughly hewn altar of Beogh.
 28069 | Orc:2    | Received a gift from Okawaru
 28206 | Orc:2    | Found Nuhef's Antique Weapon Shoppe.
 28255 | Orc:2    | Found Kuxt's Jewellery Shop.
 29108 | Spider:1 | Entered Level 1 of the Spider Nest
 29586 | Spider:1 | Received a gift from Okawaru
 29688 | Spider:1 | Noticed Azrael
 29699 | Spider:1 | Killed Azrael
 30951 | Spider:2 | Noticed Arachne
 30971 | Spider:2 | Received a gift from Okawaru
 30998 | Spider:2 | Killed Arachne
 31318 | Spider:3 | Noticed Louise
 31324 | Spider:3 | Reached XP level 17. HP: 145/166 MP: 19/19
 31378 | Spider:3 | Killed Louise
 31475 | Spider:3 | Received a gift from Okawaru
 31846 | Spider:4 | Entered Level 4 of the Spider Nest
 32348 | Spider:4 | Reached skill level 15 in Shields
 32872 | Spider:4 | Received a gift from Okawaru
 33560 | Spider:4 | Got a gossamer rune of Zot
 33911 | Swamp:1  | Entered Level 1 of the Swamp
 34513 | Swamp:1  | Reached XP level 18. HP: 178/178 MP: 20/20
 34757 | Swamp:2  | Received a gift from Okawaru
 34760 | Swamp:2  | Got a bronze crystal plate armour {god gift}
 34782 | Swamp:2  | Identified the +2 crystal plate armour of Death's Door {Str+4 Int+4} (Okawaru gifted it to you on level 2 of the Swamp)
 35094 | Swamp:2  | Reached skill level 15 in Armour
 35658 | Swamp:3  | Noticed Mara
 35662 | Swamp:3  | Noticed efeugfuoejbhfjlelj's illusion
 36354 | Swamp:3  | Noticed efeugfuoejbhfjlelj's illusion
 36450 | Swamp:3  | Killed Mara
 37339 | Swamp:4  | Entered Level 4 of the Swamp
 37434 | Swamp:4  | Noticed Roxanne
 37458 | Swamp:4  | Killed Roxanne
 37461 | Swamp:4  | Identified Roxanne's Incunabulum of Transmigration (You took it off Roxanne on level 4 of the Swamp)
 37657 | Swamp:4  | Received a gift from Okawaru
 38109 | Swamp:4  | Received a gift from Okawaru
 38122 | Swamp:4  | Got an encrusted cloak {god gift}
 38150 | Swamp:4  | Identified the +1 cloak of Horeuky {rC+ MR+++ Str+4 Dex-3} (Okawaru gifted it to you on level 4 of the Swamp)
 38342 | Swamp:4  | Got a decaying rune of Zot
 39022 | Vaults:1 | Entered Level 1 of the Vaults
 39130 | Vaults:1 | Reached XP level 19. HP: 170/188 MP: 18/21
 39513 | Vaults:1 | Identified a +0 pair of boots of running (You acquired it on level 1 of the Vaults)
 39557 | Vaults:1 | Got an ichor-stained plate armour
 39568 | Vaults:1 | Identified the cursed +1 plate armour of Cuakhlif {Regen+} (You found it on level 1 of the Vaults)
 40073 | Vaults:1 | Received a gift from Okawaru
 40379 | Vaults:1 | Found Usapul's Food Shop.
 40679 | Vaults:1 | Bought a bread ration for 55 gold pieces
 40679 | Vaults:1 | Bought a bread ration for 55 gold pieces
 40838 | Vaults:1 | Received a gift from Okawaru
 41956 | Vaults:2 | Reached skill level 15 in Maces & Flails
 42214 | Vaults:2 | Found a staircase to the Crypt.
 42214 | Vaults:2 | Found an ancient bone altar of Kikubaaqudgha.
 42215 | Vaults:2 | Found a basalt altar of Yredelemnul.
 42870 | Vaults:3 | Reached XP level 20. HP: 180/199 MP: 19/22
 42878 | Vaults:3 | Received a gift from Okawaru
 42887 | Vaults:3 | Got a spiked scale mail {god gift}
 43101 | Vaults:3 | Identified the +2 scale mail of the Heavens {rC+ MR+ rCorr Int-4} (Okawaru gifted it to you on level 3 of the Vaults)
 43685 | Vaults:3 | Reached skill level 15 in Dodging
 44768 | Vaults:3 | Received a gift from Okawaru
 46194 | Vaults:4 | Noticed a lich
 46202 | Vaults:4 | Killed a lich
 46570 | Vaults:4 | Reached XP level 21. HP: 190/209 MP: 17/23
 46988 | Vaults:4 | Received a gift from Okawaru
 47230 | Vaults:5 | Entered Level 5 of the Vaults
 47254 | Vaults:5 | Received a gift from Okawaru
 47299 | Vaults:5 | Received a gift from Okawaru
 48266 | Vaults:5 | Received a gift from Okawaru
 48411 | Vaults:5 | Reached XP level 22. HP: 155/220 MP: 19/24
 48839 | Vaults:5 | Noticed an ancient lich
 48852 | Vaults:5 | Killed an ancient lich
 49410 | Vaults:5 | Got a silver rune of Zot
 49850 | Vaults:5 | Noticed an ancient lich
 49868 | Vaults:5 | Killed an ancient lich
 49868 | Vaults:5 | Received a gift from Okawaru
 49871 | Vaults:5 | Got an iridescent morningstar {god gift}
 50256 | Vaults:5 | Identified the +5 morningstar of Hirhob {drain, rPois Int+2 Dex-5} (Okawaru gifted it to you on level 5 of the Vaults)
 50933 | Elf:1    | Entered Level 1 of the Elven Halls
 51112 | Elf:1    | Received a gift from Okawaru
 52562 | Elf:2    | Found an ancient bone altar of Kikubaaqudgha.
 52566 | Elf:2    | Reached XP level 23. HP: 177/231 MP: 5/25
 53157 | Elf:2    | Lost intelligence.
 53875 | Elf:2    | Found a huge runed gate.
 53875 | Elf:2    | Found a huge runed gate.
 53875 | Elf:2    | Found a huge runed gate.
 53875 | Elf:2    | Found a huge runed gate.
 53886 | Elf:2    | Found a huge runed gate.
 54101 | Elf:2    | Received a gift from Okawaru
 54858 | Elf:3    | Entered Level 3 of the Elven Halls
 54951 | Elf:3    | Found Badal's Book Boutique.
 56326 | Elf:3    | Received a gift from Okawaru
 56772 | Elf:3    | Identified the Reference Book on Creative Evil Secrets
 56779 | Elf:3    | Learned a level 5 spell: Dispel Undead
 56816 | Elf:3    | Got a transparent buckler
 56817 | Elf:3    | Identified the +7 buckler "Cuint" {rC+ Int+4} (You found it on level 3 of the Elven Halls)
 56905 | Elf:3    | Got a clouded amber ring
 56906 | Elf:3    | Identified the ring of Hufalonopt {rPois rC++ Dex-3} (You found it on level 3 of the Elven Halls)
 56942 | Elf:3    | Got a faintly glowing graven amulet
 56943 | Elf:3    | Identified the amulet of Kownirru {RegenMP Dex+5} (You found it on level 3 of the Elven Halls)
 57025 | Elf:3    | Identified Sif Muna's Papyrus of Talismans and the Mountains
 57040 | Elf:3    | Identified the Handbook of Doomed Calling
 57048 | Elf:3    | Identified the Handbook of Beguiling
 57053 | Elf:3    | Identified Sif Muna's Compendium of the Destructive Blaze
 57923 | Crypt:1  | Entered Level 1 of the Crypt
 58989 | Crypt:2  | Noticed Donald
 59001 | Crypt:2  | Killed Donald
 59024 | Crypt:2  | Reached XP level 24. HP: 232/243 MP: 24/25
 59611 | Crypt:2  | Noticed an ancient lich
 59635 | Crypt:2  | Killed an ancient lich
 60080 | Crypt:2  | Received a gift from Okawaru
 60093 | Crypt:2  | Got a steaming troll leather armour {god gift}
 60094 | Crypt:2  | Identified the +4 troll leather armour of Okawaru's Hatred {+Blink Regen+ rCorr MP+9 Int-3 Slay-4} (Okawaru gifted it to you on level 2 of the Crypt)
 60476 | Crypt:3  | Entered Level 3 of the Crypt
 60524 | Crypt:3  | Got a transparent cloak
 60525 | Crypt:3  | Identified the +2 cloak of Unambiguity {Regen+ Int+2 Dex+3} (You found it on level 3 of the Crypt)
 61424 | Crypt:3  | Found a staircase to the Tomb.
 61477 | Crypt:3  | Noticed an ancient lich
 61494 | Crypt:3  | Killed an ancient lich
 61612 | Crypt:3  | Got a heavily runed lapis lazuli ring
 61612 | Crypt:3  | Got a vibrating bone ring
 61612 | Crypt:3  | Got a warped jade ring
 61614 | Crypt:3  | Identified Natati Koygy's Compendium of Sinister Secrets (You found it on level 3 of the Crypt)
 61621 | Crypt:3  | Identified the ring of Fexitovu {rF+ rN+ Str+4} (You found it on level 3 of the Crypt)
 61622 | Crypt:3  | Identified the ring of Sif Muna's Anger {rPois rN+} (You found it on level 3 of the Crypt)
 61623 | Crypt:3  | Identified the ring "Zoexon" {rN+ Int+2 Dex+4} (You found it on level 3 of the Crypt)
 62189 | Depths:1 | Entered Level 1 of the Depths
 62363 | Depths:1 | Received a gift from Okawaru
 62668 | Depths:1 | Found a gateway to Hell.
 62848 | Depths:1 | Found a runed door.
 63414 | Depths:1 | Found a gateway to a ziggurat.
 63566 | Depths:1 | Found a one-way gate to the infinite horrors of the Abyss.
 63598 | Depths:1 | Reached XP level 25. HP: 253/253 MP: 22/25
 63845 | Depths:1 | Received a gift from Okawaru
 63848 | Depths:1 | Got a transparent demon whip {god gift}
 63849 | Depths:1 | Identified the +3 demon whip of Jacues {flame, SInv Stlth+} (Okawaru gifted it to you on level 1 of the Depths)
 64791 | Depths:2 | Found a glowing silver altar of Zin.
 64792 | Depths:2 | Found an ancient bone altar of Kikubaaqudgha.
 64792 | Depths:2 | Found a one-way gate leading to the halls of Pandemonium.
 64792 | Depths:2 | Found a glowing golden altar of the Shining One.
 64916 | Depths:2 | Noticed an iron giant
 64931 | Depths:2 | Killed an iron giant
 65149 | Depths:2 | Received a gift from Okawaru
 65365 | Depths:2 | Learned a level 5 spell: Fireball
 65491 | Depths:2 | Noticed a juggernaut
 65523 | Depths:2 | Killed a juggernaut
 65679 | Depths:2 | Identified the Guide on Twisted Unholy Arts
 65683 | Depths:2 | Identified the Disquisition on Ice
 66154 | Depths:2 | Received a gift from Okawaru
 66692 | Depths:2 | Reached skill level 27 in Fighting
 66924 | Depths:3 | Noticed Jory
 66942 | Depths:3 | Killed Jory
 67527 | Depths:3 | Reached XP level 26. HP: 266/266 MP: 25/25
 68012 | Depths:3 | Noticed Sojobo
 68032 | Depths:3 | Killed Sojobo
 68755 | Depths:4 | Received a gift from Okawaru
 69080 | Depths:4 | Found Jolaog's Armour Boutique.
 69096 | Depths:4 | Bought the +1 pair of boots of the Hunter {rC+++ MR- rCorr Int-4} for 756 gold pieces
 69522 | Depths:4 | Found Xaiclot's Gadget Boutique.
 69677 | Depths:4 | Found Gila's Magic Scroll Boutique.
 69685 | Depths:4 | Bought a scroll of blinking for 112 gold pieces
 69849 | Depths:5 | Entered Level 5 of the Depths
 70317 | Depths:5 | Found a corrupted altar of Lugonu.
 70330 | Depths:5 | Got a steaming mace
 70331 | Depths:5 | Identified the +3 mace "Embalmer" {venom, Int-2 Dex+10 Stlth+} (You found it on level 5 of the Depths)
 70739 | Depths:5 | Found a gate to the Realm of Zot.
 70802 | Depths:5 | Noticed Xtahua
 70813 | Depths:5 | Killed Xtahua
 71046 | Depths:5 | Found Eqeil's Antique Armour Emporium.
 71317 | Depths:5 | Received a gift from Okawaru
 71547 | Zig:1    | Entered Level 1 of a ziggurat
 71566 | Zig:2    | Entered Level 2 of a ziggurat
 71605 | Zig:3    | Entered Level 3 of a ziggurat
 71644 | Zig:4    | Entered Level 4 of a ziggurat
 71647 | Zig:4    | Noticed a juggernaut
 71663 | Zig:4    | Killed a juggernaut
 71837 | Zig:5    | Entered Level 5 of a ziggurat
 72017 | Zig:6    | Entered Level 6 of a ziggurat
 72447 | Zig:7    | Entered Level 7 of a ziggurat
 72472 | Zig:7    | Reached XP level 27. HP: 256/272 MP: 22/25
 72684 | Zig:8    | Entered Level 8 of a ziggurat
 72701 | Zig:8    | Lost mutation: You have supernaturally acute eyesight. [a neqoxec]
 72806 | Zig:8    | Identified Sif Muna's Catalogue of Snow
 72852 | Zig:9    | Entered Level 9 of a ziggurat
 73273 | Zig:9    | Got a spiked cloak
 73274 | Zig:9    | Identified the +1 cloak of the Rose {Int+6} (You found it on level 9 of a ziggurat)
 73283 | Zig:9    | Identified the Tome of Lethal Transmutation
 73294 | Zig:10   | Entered Level 10 of a ziggurat
 73433 | Zig:11   | Entered Level 11 of a ziggurat
 73956 | Zig:11   | Got a scorched graven amulet
 73957 | Zig:11   | Identified the amulet "Esmysadywi" {Gourm rC+ Dex+3} (You found it on level 11 of a ziggurat)
 74023 | Zig:12   | Entered Level 12 of a ziggurat
 74072 | Zig:12   | Received a gift from Okawaru
 74096 | Zig:12   | Gained mutation: Your spells are a little easier to cast, but a little less powerful. [a shining eye]
 74304 | Zig:12   | Identified Faanecvo's Incunabulum of Floating Conjuration
 74312 | Zig:13   | Entered Level 13 of a ziggurat
 74430 | Zig:13   | Got a shimmering iron ring
 74431 | Zig:13   | Identified the ring "Qawoal" {Ice +Blink rElec Int-4 Stlth+} (You found it on level 13 of a ziggurat)
 74441 | Zig:13   | Got a fine battleaxe
 74445 | Zig:13   | Identified the Reference Book on Conjuration
 74451 | Zig:13   | Identified the +2 battleaxe of the Apocalypse {drain, *Drain rPois MP+9 Int-5} (You found it on level 13 of a ziggurat)
 74460 | Zig:14   | Entered Level 14 of a ziggurat
 74635 | Zig:14   | Identified the Papyrus of Slime
 74651 | Zig:15   | Entered Level 15 of a ziggurat
 74702 | Zig:15   | Received a gift from Okawaru
 74733 | Zig:15   | Gained mutation: Armour fits poorly on your strangely shaped body. [a shining eye]
 74735 | Zig:15   | Gained mutation: You are clumsy. (Dex -2) [a shining eye]
 74741 | Zig:15   | Gained mutation: Your magical capacity is low (-10% MP). [a shining eye]
 74760 | Zig:15   | Got a pair of faintly humming boots {god gift}
 74937 | Zig:15   | Identified the +2 pair of boots of the Ladybird {rCorr Int+3} (Okawaru gifted it to you on level 15 of a ziggurat)
 74943 | Zig:15   | Got a wavering amethyst amulet
 74944 | Zig:15   | Identified the amulet "Fyol" {Regen+ Dex+5} (You found it on level 15 of a ziggurat)
 74952 | Zig:15   | Gained mutation: You evolve. [potion of beneficial mutation]
 74953 | Zig:15   | Lost mutation: Armour fits poorly on your strangely shaped body. [potion of cure mutation]
 74953 | Zig:15   | Lost mutation: Your spells are a little easier to cast, but a little less powerful. [potion of cure mutation]
 74953 | Zig:15   | Lost mutation: You are clumsy. (Dex -2) [potion of cure mutation]
 74953 | Zig:15   | Lost mutation: You evolve. [potion of cure mutation]
 74954 | Zig:15   | Lost mutation: Your magical capacity is low (-10% MP). [potion of cure mutation]
 74967 | Zig:15   | Got a brightly glowing cloak
 74968 | Zig:15   | Identified the +2 cloak of the Pleiades {rPois Regen+} (You found it on level 15 of a ziggurat)
 74980 | Zig:16   | Entered Level 16 of a ziggurat
 76055 | Slime:1  | Entered Level 1 of the Pits of Slime
 76675 | Slime:6  | Entered Level 6 of the Pits of Slime
 76688 | Slime:6  | Gained mutation: You expend magic power (3 MP) to strengthen your wands. [a shining eye]
 76690 | Slime:6  | Gained mutation: Your magical capacity is low (-10% MP). [a shining eye]
 76893 | Slime:6  | Gained mutation: Your body sometimes deteriorates upon taking damage. [a shining eye]
 76938 | Slime:6  | Noticed the Royal Jelly
 76949 | Slime:6  | Killed the Royal Jelly
 76949 | Slime:6  | Received a gift from Okawaru
 78917 | Slime:6  | Identified the Guide on Companions
 78929 | Slime:6  | Lost mutation: Your magical capacity is low (-10% MP). [potion of cure mutation]
 78929 | Slime:6  | Lost mutation: Your body sometimes deteriorates upon taking damage. [potion of cure mutation]
 78929 | Slime:6  | Lost mutation: You expend magic power (3 MP) to strengthen your wands. [potion of cure mutation]
 78973 | Slime:6  | Got a pitted bone amulet
 78974 | Slime:6  | Identified the amulet "Resydghoxt" {Inacc Int+2 Dex+4} (You found it on level 6 of the Pits of Slime)
 79020 | Slime:6  | Got a slimy rune of Zot
 79708 | Zot:1    | Entered Level 1 of the Realm of Zot
 79876 | Zot:1    | Noticed an orb of fire
 79877 | Zot:1    | Gained mutation: You occasionally shout uncontrollably at your foes. [an orb of fire]
 79879 | Zot:1    | Gained mutation: You are frail (-10% HP). [an orb of fire]
 79888 | Zot:1    | Killed an orb of fire
 80248 | Zot:1    | Received a gift from Okawaru
 81488 | Zot:2    | Learned a level 8 spell: Necromutation
 83556 | Zot:3    | Received a gift from Okawaru
 83604 | Zot:3    | Got a pair of smoking gloves {god gift}
 83615 | Zot:3    | Identified the +0 pair of gloves of Axtuchy {rC++ Regen+} (Okawaru gifted it to you on level 3 of the Realm of Zot)
 85470 | Zot:4    | Received a gift from Okawaru
 85929 | Zot:4    | Reached skill level 27 in Shields
 86148 | Zot:5    | Entered Level 5 of the Realm of Zot
 86809 | Zot:5    | Noticed an ancient lich
 86823 | Zot:5    | Killed an ancient lich
 86850 | Zot:5    | Received a gift from Okawaru
 86869 | Zot:5    | Got a crude large shield {god gift}
 87021 | Zot:5    | Identified the +3 large shield "Ylokkof" {*Corrode rElec rF+ Dex+7} (Okawaru gifted it to you on level 5 of the Realm of Zot)
 87370 | Zot:5    | Noticed an ancient lich
 87371 | Zot:5    | Noticed an orb of fire
 87395 | Zot:5    | Noticed an orb of fire
 87399 | Zot:5    | Gained mutation: You are dopey. (Int -2) [an orb of fire]
 87400 | Zot:5    | Killed an orb of fire
 87409 | Zot:5    | Noticed an orb of fire
 87411 | Zot:5    | Killed an orb of fire
 87422 | Zot:5    | Killed an orb of fire
 87550 | Zot:5    | Noticed an orb of fire
 87578 | Zot:5    | Killed an orb of fire
 87581 | Zot:5    | Noticed an orb of fire
 87598 | Zot:5    | Gained mutation: Armour fits poorly on your strangely shaped body. [an orb of fire]
 87600 | Zot:5    | Noticed an ancient lich
 87813 | Zot:5    | Noticed an orb of fire
 87814 | Zot:5    | Gained mutation: You are partially covered in molten scales (AC +1). [an orb of fire]
 87826 | Zot:5    | Killed an orb of fire
 88164 | Zot:5    | Gained mutation: You expend magic power (3 MP) to strengthen your wands. [an orb of fire]
 88165 | Zot:5    | Gained mutation: You are clumsy. (Dex -2) [an orb of fire]
 88166 | Zot:5    | Killed an ancient lich
 88167 | Zot:5    | Gained mutation: Scrolls take you a little longer to read. [an orb of fire]
 88173 | Zot:5    | Gained mutation: Your magical capacity is low (-10% MP). [an orb of fire]
 88176 | Zot:5    | Gained mutation: Your body sometimes deteriorates upon taking damage. [an orb of fire]
 88183 | Zot:5    | Gained mutation: You are very dopey. (Int -4) [an orb of fire]
 88185 | Zot:5    | Gained mutation: You are very frail (-20% HP). [an orb of fire]
 88188 | Zot:5    | Killed an orb of fire
 88881 | Lair:1   | Lost mutation: Scrolls take you a little longer to read. [potion of cure mutation]
 88881 | Lair:1   | Lost mutation: You are very frail (-20% HP). [potion of cure mutation]
 88881 | Lair:1   | Lost mutation: Your magical capacity is low (-10% MP). [potion of cure mutation]
 88881 | Lair:1   | Lost mutation: You are frail (-10% HP). [potion of cure mutation]
 88881 | Lair:1   | Lost mutation: You occasionally shout uncontrollably at your foes. [potion of cure mutation]
 88882 | Lair:1   | Lost mutation: Armour fits poorly on your strangely shaped body. [potion of cure mutation]
 88882 | Lair:1   | Lost mutation: You are very dopey. (Int -4) [potion of cure mutation]
 88882 | Lair:1   | Lost mutation: Your body sometimes deteriorates upon taking damage. [potion of cure mutation]
 88882 | Lair:1   | Lost mutation: You are dopey. (Int -2) [potion of cure mutation]
 88882 | Lair:1   | Lost mutation: You are clumsy. (Dex -2) [potion of cure mutation]
 88882 | Lair:1   | Lost mutation: You expend magic power (3 MP) to strengthen your wands. [potion of cure mutation]
 88883 | Lair:1   | Gained mutation: You are resistant to hostile enchantments. [potion of beneficial mutation]
 88884 | Lair:1   | Gained mutation: Your mind is acute. (Int +2) [potion of beneficial mutation]
 89182 | Hell     | Entered the Vestibule of Hell
 89182 | Hell     | Noticed Geryon
 89602 | Hell     | Received a gift from Okawaru
 89736 | Hell     | Killed Geryon
 89769 | Hell     | Reached skill level 1 in Spellcasting
 89819 | Hell     | Found a gateway to the freezing wastes of Cocytus.
 89938 | Hell     | Found a gateway to the decaying netherworld of Tartarus.
 90057 | Hell     | Found a gateway to the Iron City of Dis.
 90307 | Hell     | Found a gateway to the ashen valley of Gehenna.
 90413 | Coc:1    | Entered Level 1 of Cocytus
 91356 | Coc:1    | Received a gift from Okawaru
 91401 | Coc:1    | Received a gift from Okawaru
 92423 | Coc:1    | Gained mutation: You expend magic power (3 MP) to strengthen your wands. [a cacodemon]
 92474 | Coc:1    | Reached skill level 27 in Armour
 92721 | Hell     | Reached skill level 27 in Axes
 92759 | Tar:1    | Entered Level 1 of Tartarus
 92875 | Tar:1    | Reached skill level 5 in Spellcasting
 93190 | Tar:1    | Received a gift from Okawaru
 94276 | Dis:1    | Entered Level 1 of the Iron City of Dis
 94322 | Dis:1    | Reached skill level 27 in Maces & Flails
 95319 | Depths:5 | Voluntarily entered the Abyss.
 95410 | Abyss:1  | Found a corrupted altar of Lugonu.
 96211 | Abyss:3  | Found a deep blue altar of Sif Muna.
 96366 | Abyss:3  | Found a corrupted altar of Lugonu.
 96582 | Abyss:3  | Gained mutation: You are frail (-10% HP). [a neqoxec]
 96586 | Abyss:3  | Gained mutation: You are clumsy. (Dex -2) [a neqoxec]
 96640 | Abyss:3  | Noticed an ancient lich
 96649 | Abyss:3  | Killed an ancient lich
 96649 | Abyss:3  | Received a gift from Okawaru
 96659 | Abyss:3  | Got a pair of ichor-stained gloves {god gift}
 96670 | Abyss:3  | Identified the +0 pair of gloves of Midsummer {+Inv +Fly rF- rCorr} (Okawaru gifted it to you on level 3 of the Abyss)
 96761 | Abyss:3  | Reached skill level 27 in Dodging
 96942 | Abyss:3  | Reached skill level 1 in Necromancy
 96965 | Abyss:3  | Paralysed by accursed screaming for 1 turns
 97712 | Abyss:3  | Reached skill level 5 in Necromancy
 97756 | Abyss:3  | Gained mutation: Scrolls take you a little longer to read. [a neqoxec]
 98095 | Abyss:3  | Lost mutation: You are frail (-10% HP). [potion of cure mutation]
 98095 | Abyss:3  | Lost mutation: Scrolls take you a little longer to read. [potion of cure mutation]
 98095 | Abyss:3  | Lost mutation: You expend magic power (3 MP) to strengthen your wands. [potion of cure mutation]
 98095 | Abyss:3  | Lost mutation: You are clumsy. (Dex -2) [potion of cure mutation]
 98095 | Abyss:3  | Lost mutation: Your mind is acute. (Int +2) [potion of cure mutation]
 98184 | Abyss:3  | Paralysed by accursed screaming for 1 turns
 98247 | Abyss:3  | Got an abyssal rune of Zot
 98473 | Abyss:3  | Found a corrupted altar of Lugonu.
 98524 | Abyss:3  | Found a corrupted altar of Lugonu.
 98615 | Abyss:3  | Found a corrupted altar of Lugonu.
 98751 | Abyss:4  | Found a corrupted altar of Lugonu.
 98781 | Depths:5 | Escaped the Abyss
 99794 | Dis:3    | Gained mutation: Potions and wands are less effective at restoring your health. [a cacodemon]
 99801 | Dis:3    | Received a gift from Okawaru
100667 | Dis:3    | Reached skill level 1 in Transmutations
101613 | Dis:3    | Received a gift from Okawaru
102566 | Dis:4    | Reached skill level 10 in Spellcasting
102615 | Dis:5    | Reached skill level 5 in Transmutations
103474 | Dis:5    | Reached skill level 10 in Necromancy
103978 | Dis:6    | Received a gift from Okawaru
104000 | Dis:6    | Got a pair of faintly humming gloves {god gift}
105131 | Dis:6    | Gained mutation: Your spells are a little easier to cast, but a little less powerful. [mutagenic glow]
105134 | Dis:6    | Identified the +2 pair of gloves "Ojepoe" {Dex+7} (Okawaru gifted it to you on level 6 of the Iron City of Dis)
105150 | Dis:6    | Lost mutation: Potions and wands are less effective at restoring your health. [potion of cure mutation]
105150 | Dis:6    | Lost mutation: Your spells are a little easier to cast, but a little less powerful. [potion of cure mutation]
105150 | Dis:6    | Lost mutation: You are partially covered in molten scales (AC +1). [potion of cure mutation]
105150 | Dis:6    | Lost mutation: You are resistant to hostile enchantments. [potion of cure mutation]
105233 | Dis:6    | Reached skill level 5 in Evocations
105406 | Dis:7    | Entered Level 7 of the Iron City of Dis
105574 | Dis:7    | Received a gift from Okawaru
105791 | Dis:7    | Got a blackened plate armour
105792 | Dis:7    | Identified the +3 plate armour of the Butterfly {Dex+6} (You found it on level 7 of the Iron City of Dis)
105940 | Dis:7    | Received a gift from Okawaru
105962 | Dis:7    | Noticed the Serpent of Hell
107176 | Dis:7    | Killed the Serpent of Hell
107176 | Dis:7    | Reached skill level 10 in Transmutations
107565 | Dis:7    | Received a gift from Okawaru
107583 | Dis:7    | Noticed Dispater
107606 | Dis:7    | Killed Dispater
107694 | Dis:7    | Got an iron rune of Zot
108513 | Depths:1 | Voluntarily entered the Abyss.
108807 | Abyss:1  | Reached skill level 10 in Evocations
108970 | Abyss:1  | Noticed an ancient lich
108993 | Abyss:1  | Killed an ancient lich
109140 | Abyss:1  | Found a corrupted altar of Lugonu.
109191 | Abyss:1  | Gained mutation: You expend magic power (3 MP) to strengthen your wands. [a cacodemon]
109260 | Abyss:1  | Received a gift from Okawaru
109584 | Abyss:1  | Found a shimmering altar of Xom.
111107 | Abyss:1  | Found a corrupted altar of Lugonu.
111480 | Abyss:1  | Found a corrupted altar of Lugonu.
111638 | Abyss:1  | Noticed an ancient lich
111649 | Abyss:1  | Killed an ancient lich
111859 | Abyss:1  | Found a bloodstained altar of Trog.
112032 | Abyss:1  | Paralysed by you for 7 turns
112983 | Abyss:1  | Gained mutation: You are clumsy. (Dex -2) [a neqoxec]
112995 | Abyss:1  | Gained mutation: Scrolls take you longer to read. [a neqoxec]
113394 | Abyss:1  | Gained mutation: You are occasionally teleported next to monsters. [a neqoxec]
113580 | Abyss:1  | Gained mutation: You are weak. (Str -2) [a neqoxec]
113582 | Abyss:1  | Gained mutation: You tend to lose your temper in combat. [a neqoxec]
113697 | Abyss:1  | Received a gift from Okawaru
114267 | Abyss:1  | Found an ancient bone altar of Kikubaaqudgha.
114719 | Abyss:1  | Found a burning altar of Makhleb.
115375 | Abyss:1  | Received a gift from Okawaru
116163 | Abyss:1  | Reached skill level 15 in Necromancy
116198 | Abyss:1  | Gained mutation: You can translocate small distances at will. [a neqoxec]
116203 | Abyss:1  | Lost mutation: You expend magic power (3 MP) to strengthen your wands. [a neqoxec]
116837 | Abyss:1  | Reached skill level 15 in Spellcasting
116938 | Abyss:1  | Found a corrupted altar of Lugonu.
117074 | Abyss:1  | Found a corrupted altar of Lugonu.
117446 | Abyss:1  | Received a gift from Okawaru
117584 | Abyss:1  | Reached skill level 15 in Transmutations
118374 | Abyss:1  | Found a corrupted altar of Lugonu.
119000 | Abyss:1  | Found a corrupted altar of Lugonu.
119802 | Abyss:1  | Found a corrupted altar of Lugonu.
119863 | Abyss:1  | Found a corrupted altar of Lugonu.
120194 | Abyss:1  | Received a gift from Okawaru
120220 | Abyss:1  | Found a corrupted altar of Lugonu.
120396 | Abyss:1  | Found a runed door.
121298 | Abyss:1  | Paralysed by accursed screaming for 2 turns
121327 | Abyss:1  | Received a gift from Okawaru
121680 | Abyss:1  | Found a shimmering altar of Xom.
121680 | Abyss:1  | Found a shimmering altar of Xom.
121680 | Abyss:1  | Found a shimmering altar of Xom.
121680 | Abyss:1  | Found a shimmering altar of Xom.
121680 | Abyss:1  | Found a corrupted altar of Lugonu.
121680 | Abyss:1  | Found a shimmering altar of Xom.
121680 | Abyss:1  | Found a shimmering altar of Xom.
121682 | Abyss:1  | Found a shimmering altar of Xom.
121682 | Abyss:1  | Found a shimmering altar of Xom.
121682 | Abyss:1  | Found a shimmering altar of Xom.
121683 | Abyss:1  | Found a shimmering altar of Xom.
121960 | Abyss:1  | Found a corrupted altar of Lugonu.
122467 | Abyss:1  | Gained mutation: Your spells are a little easier to cast, but a little less powerful. [a neqoxec]
122468 | Abyss:1  | Gained mutation: Armour fits poorly on your strangely shaped body. [a neqoxec]
122694 | Abyss:1  | Found an opulent altar of Gozag.
122857 | Abyss:1  | Gained mutation: You are frail (-10% HP). [a neqoxec]
123336 | Abyss:1  | Lost mutation: Armour fits poorly on your strangely shaped body. [a neqoxec]
123565 | Abyss:1  | Identified the Grimoire of Talismans
123585 | Abyss:1  | Identified the Collected Works on Transmutation (You found it on level 1 of the Abyss)
123597 | Abyss:1  | Identified the Handbook of Execration
123600 | Abyss:1  | Identified the Compendium of Confrontation
123624 | Abyss:1  | Identified Pidiqype's Volume of Evil Secrets (You found it on level 1 of the Abyss)
123644 | Abyss:1  | Identified the Volume of Translocation
123647 | Abyss:1  | Learned a level 1 spell: Apportation
123650 | Abyss:1  | Identified the Grimoire of the Entourage
123663 | Abyss:1  | Identified the Almanac of Ice
124415 | Abyss:1  | Found a roughly hewn altar of Beogh.
124467 | Abyss:1  | Received a gift from Okawaru
124745 | Abyss:1  | Gained mutation: You are very clumsy. (Dex -4) [a shining eye]
124974 | Abyss:1  | Got an ichor-stained broad axe {chop}
124977 | Abyss:1  | Identified the +7 broad axe of a treasure trove {chop, Dex+3} (You took it off a rakshasa on level 1 of the Abyss)
125353 | Abyss:1  | Noticed an ancient lich
125358 | Abyss:1  | Killed an ancient lich
125432 | Abyss:1  | Noticed an ancient lich
125435 | Abyss:1  | Killed an ancient lich
125807 | Abyss:1  | Found a sacrificial altar of Ru.
126159 | Abyss:1  | Paralysed by accursed screaming for 1 turns
126419 | Abyss:1  | Received a gift from Okawaru
126601 | Abyss:1  | Found a sparkling altar of Nemelex Xobeh.
126859 | Abyss:1  | Paralysed by you for 6 turns
126922 | Abyss:1  | Gained mutation: You occasionally shout uncontrollably at your foes. [a neqoxec]
127701 | Abyss:1  | Found an opulent altar of Gozag.
127708 | Abyss:1  | Found a corrupted altar of Lugonu.
128207 | Abyss:1  | Found an opulent altar of Gozag.
128907 | Abyss:1  | Gained mutation: Armour fits poorly on your strangely shaped body. [a neqoxec]
129307 | Abyss:1  | Gained mutation: You are dopey. (Int -2) [a neqoxec]
129818 | Abyss:1  | Gained mutation: You are very dopey. (Int -4) [a neqoxec]
130114 | Abyss:1  | Lost mutation: You are very clumsy. (Dex -4) [potion of mutation]
130140 | Abyss:1  | Found an oddly glowing altar of Pakellas.
130189 | Abyss:1  | Paralysed by accursed screaming for 1 turns
130310 | Abyss:1  | Received a gift from Okawaru
130995 | Abyss:1  | Received a gift from Okawaru
131007 | Abyss:1  | Got a steaming broad axe {god gift}
131010 | Abyss:1  | Identified the +1 broad axe of Sunlight {flame, Str+5 Int+3 SInv} (Okawaru gifted it to you on level 1 of the Abyss)
131071 | Abyss:1  | Paralysed by accursed screaming for 1 turns
131258 | Abyss:1  | Paralysed by accursed screaming for 1 turns
131259 | Abyss:1  | Gained mutation: Potions and wands are less effective at restoring your health. [a cacodemon]
131540 | Depths:1 | Escaped the Abyss
131888 | Depths:2 | Lost mutation: You are occasionally teleported next to monsters. [potion of cure mutation]
131888 | Depths:2 | Lost mutation: You are frail (-10% HP). [potion of cure mutation]
131888 | Depths:2 | Lost mutation: Your spells are a little easier to cast, but a little less powerful. [potion of cure mutation]
131888 | Depths:2 | Lost mutation: You can translocate small distances at will. [potion of cure mutation]
131888 | Depths:2 | Lost mutation: You are weak. (Str -2) [potion of cure mutation]
132726 | Tomb:1   | Entered Level 1 of the Tomb of the Ancients
133046 | Tomb:1   | Received a gift from Okawaru
133086 | Tomb:1   | Noticed a greater mummy
133116 | Tomb:1   | Killed a greater mummy
133700 | Tomb:2   | Noticed a greater mummy
133704 | Tomb:2   | Noticed a greater mummy
133705 | Tomb:2   | Noticed a greater mummy
133705 | Tomb:2   | Noticed a greater mummy
133782 | Tomb:2   | Killed a greater mummy
133835 | Tomb:2   | Killed a greater mummy
133836 | Tomb:2   | Killed a greater mummy
133841 | Tomb:2   | Killed a greater mummy
133873 | Tomb:2   | Received a gift from Okawaru
134249 | Tomb:2   | Gained mutation: You sometimes yell uncontrollably at your foes. [mutagenic glow]
134763 | Tomb:1   | Noticed a greater mummy
134765 | Tomb:1   | Noticed a greater mummy
134770 | Tomb:1   | Killed a greater mummy
134785 | Tomb:1   | Killed a greater mummy
134814 | Tomb:1   | Noticed a greater mummy
134824 | Tomb:1   | Noticed a greater mummy
134827 | Tomb:1   | Killed a greater mummy
134837 | Tomb:1   | Killed a greater mummy
134848 | Tomb:1   | Noticed a greater mummy
134862 | Tomb:1   | Killed a greater mummy
134888 | Tomb:1   | Noticed a greater mummy
134896 | Tomb:1   | Noticed a greater mummy
134910 | Tomb:1   | Killed a greater mummy
134920 | Tomb:1   | Killed a greater mummy
134929 | Tomb:1   | Noticed a greater mummy
134941 | Tomb:1   | Killed a greater mummy
134960 | Tomb:1   | Noticed a greater mummy
134970 | Tomb:1   | Killed a greater mummy
135024 | Tomb:2   | Received a gift from Okawaru
135056 | Tomb:2   | Got an iridescent dire flail {god gift}
135411 | Tomb:2   | Identified the +2 dire flail of Lilow {crush, rF++ Stlth+} (Okawaru gifted it to you on level 2 of the Tomb of the Ancients)
135531 | Tomb:3   | Entered Level 3 of the Tomb of the Ancients
135531 | Tomb:3   | Noticed Frederick
135541 | Tomb:3   | Killed Frederick
135981 | Tomb:3   | Noticed a greater mummy
135983 | Tomb:3   | Noticed a greater mummy
135985 | Tomb:3   | Noticed a greater mummy
135988 | Tomb:3   | Noticed a greater mummy
136076 | Tomb:2   | Killed a greater mummy
136085 | Tomb:2   | Killed a greater mummy
136090 | Tomb:2   | Killed a greater mummy
136368 | Tomb:3   | Noticed a greater mummy
136374 | Tomb:3   | Noticed a greater mummy
136391 | Tomb:3   | Noticed an ancient lich
136391 | Tomb:3   | Killed a greater mummy
136391 | Tomb:3   | Received a gift from Okawaru
136403 | Tomb:2   | Killed a greater mummy
136404 | Tomb:2   | Killed a greater mummy
136624 | Tomb:3   | Killed an ancient lich
136628 | Tomb:3   | Got a pitted large shield {god gift}
136640 | Tomb:3   | Noticed a greater mummy
136655 | Tomb:3   | Killed a greater mummy
136785 | Tomb:2   | Identified the +5 large shield "Nemaat" {-Tele rElec MR+++ rCorr Int+2} (Okawaru gifted it to you on level 3 of the Tomb of the Ancients)
136837 | Tomb:3   | Noticed a greater mummy
136850 | Tomb:3   | Killed a greater mummy
136938 | Tomb:3   | Got a golden rune of Zot
137298 | Tomb:3   | Got a transparent morningstar
137301 | Tomb:3   | Identified the +2 morningstar of Xom {crush, +Inv rC+ Int-5 Dex+9} (You found it on level 3 of the Tomb of the Ancients)
137304 | Tomb:3   | Got a steaming bone ring
137307 | Tomb:3   | Identified the ring of a Hundred Beds {Fire MR+ Str+4 Slay+3} (You found it on level 3 of the Tomb of the Ancients)
137340 | Tomb:3   | Learned a level 6 spell: Invisibility
137363 | Tomb:3   | Got a bound pewter ring
137366 | Tomb:3   | Identified the ring "Yshol" {rPois MP+9 Str+2} (You found it on level 3 of the Tomb of the Ancients)
137388 | Tomb:3   | Identified the Guide on Good Luck and Darkness
137392 | Tomb:3   | Learned a level 2 spell: Repel Missiles
137426 | Tomb:3   | Learned a level 6 spell: Deflect Missiles
137548 | Tomb:3   | Got a steaming plate armour
137551 | Tomb:3   | Identified the +15 plate armour of Levity {*Confuse rCorr Str+5 Dex+3} (You found it on level 3 of the Tomb of the Ancients)
138246 | Lair:1   | Upgraded the game from 0.18-a0-1572-g0a86841 to 0.18-a0-1574-g3f9d221
138275 | Zig:1    | Entered Level 1 of a ziggurat
138292 | Zig:2    | Entered Level 2 of a ziggurat
138304 | Zig:2    | Reached skill level 1 in Fire Magic
138316 | Zig:2    | Identified the Catalogue of Good Intentions
138323 | Zig:2    | Learned a level 5 spell: Silence
138330 | Zig:3    | Entered Level 3 of a ziggurat
138367 | Zig:3    | Got a bound jade amulet
138370 | Zig:3    | Identified the amulet "Rianwaich" {Faith *Confuse rPois Int+4} (You found it on level 3 of a ziggurat)
138378 | Zig:4    | Entered Level 4 of a ziggurat
138409 | Zig:5    | Entered Level 5 of a ziggurat
138561 | Zig:6    | Entered Level 6 of a ziggurat
138676 | Zig:6    | Got a warped steel ring
138679 | Zig:6    | Identified the ring "Ruapler" {rPois MR+ Dex+3} (You found it on level 6 of a ziggurat)
138682 | Zig:6    | Identified the Collected Works on Feathery Companions
138686 | Zig:6    | Identified the Reference Book on Boosting Displacement
138692 | Zig:6    | Learned a level 4 spell: Passage of Golubria
138717 | Zig:7    | Entered Level 7 of a ziggurat
138749 | Zig:7    | Received a gift from Okawaru
138749 | Zig:7    | Reached skill level 5 in Fire Magic
138761 | Zig:7    | Got a pair of bloodstained gloves {god gift}
138808 | Zig:7    | Identified the -5 pair of gloves of Okawaru's Pride {Dex+3} (Okawaru gifted it to you on level 7 of a ziggurat)
138830 | Zig:7    | Got a warped broad axe
138833 | Zig:7    | Identified the +2 broad axe of Dishonesty {vamp, +Blink +Fly rN+ Int+4} (You found it on level 7 of a ziggurat)
138836 | Zig:7    | Got a pair of slimy gloves
138847 | Zig:7    | Identified the +1 pair of gloves "Oskiat" {+Inv Int+4 SInv} (You found it on level 7 of a ziggurat)
138880 | Zig:8    | Entered Level 8 of a ziggurat
138950 | Zig:8    | Got a scorched ruby amulet
138953 | Zig:8    | Identified the amulet "Fatyin" {-Tele *Confuse +Rage rC++ Dex+8} (You found it on level 8 of a ziggurat)
138958 | Zig:9    | Entered Level 9 of a ziggurat
139032 | Zig:9    | Reached skill level 10 in Fire Magic
139051 | Zig:10   | Entered Level 10 of a ziggurat
139242 | Zig:10   | Got a clouded brass ring
139245 | Zig:10   | Identified the ring "Emeoruo" {rC+ rN+ Dex+5 Slay+3} (You found it on level 10 of a ziggurat)
139248 | Zig:10   | Identified Kokim's Handbook of Damage Dealing and the Mountains
139257 | Zig:11   | Entered Level 11 of a ziggurat
139587 | Zig:12   | Entered Level 12 of a ziggurat
139665 | Zig:12   | Gained mutation: You are frail (-10% HP). [a shining eye]
139727 | Zig:13   | Entered Level 13 of a ziggurat
140053 | Zig:13   | Identified the Compendium of Glacial Confrontation
140077 | Zig:14   | Entered Level 14 of a ziggurat
140143 | Zig:14   | Received a gift from Okawaru
140557 | Zig:14   | Got a scorched large shield
140560 | Zig:14   | Identified the cursed -2 large shield "Vom Nyica" {rElec rF++ rN+ Str-5} (You took it off a daeva on level 14 of a ziggurat)
140569 | Zig:14   | Got a shimmering large shield
140585 | Zig:14   | Identified the +6 large shield "Ibyog" {rF- MR+ Regen+ Str+2} (You took it off a daeva on level 14 of a ziggurat)
140590 | Zig:14   | Identified the Handbook of the Illusory Wishes
140598 | Zig:14   | Learned a level 6 spell: Bolt of Fire
140599 | Zig:14   | Got a vibrating steel amulet
140602 | Zig:14   | Identified the amulet of Lunujife {Inacc Str+5 Dex-5 Stlth+} (You found it on level 14 of a ziggurat)
140612 | Zig:14   | Identified the Papyrus of Supportive Evil
140620 | Zig:14   | Identified the Handbook of Creative Conjuration
140631 | Zig:15   | Entered Level 15 of a ziggurat
140665 | Zig:15   | Noticed a greater mummy
140667 | Zig:15   | Noticed a greater mummy
140672 | Zig:15   | Noticed a greater mummy
140697 | Zig:15   | Reached skill level 15 in Fire Magic
141263 | Elf:3    | Bought a book of Annihilations for 1656 gold pieces
141272 | Elf:3    | Learned a level 8 spell: Lehudib's Crystal Spear
141282 | Elf:3    | Learned a level 9 spell: Fire Storm
142687 | Lair:1   | Learned a level 9 spell: Shatter
142988 | Depths:1 | Voluntarily entered the Abyss.
143276 | Abyss:1  | Found a corrupted altar of Lugonu.
143290 | Abyss:1  | Found a snail-covered altar of Cheibriados.
144233 | Abyss:1  | Found a corrupted altar of Lugonu.
144560 | Abyss:1  | Reached skill level 1 in Conjurations
144655 | Abyss:1  | Found a corrupted altar of Lugonu.
144946 | Abyss:1  | Gained mutation: You frequently scream uncontrollably at your foes. [a neqoxec]
145248 | Abyss:1  | Paralysed by accursed screaming for 1 turns
145259 | Abyss:1  | Reached skill level 5 in Conjurations
145295 | Abyss:1  | Gained mutation: You are very clumsy. (Dex -4) [a neqoxec]
145296 | Abyss:1  | Gained mutation: Your body sometimes deteriorates upon taking damage. [a neqoxec]
145499 | Abyss:1  | Found a deep blue altar of Sif Muna.
145554 | Abyss:1  | Got a steaming broad axe {freeze}
145557 | Abyss:1  | Identified the +6 broad axe "Rurghy" {freeze, +Fly Int+2} (You took it off a deep elf mage on level 1 of the Abyss)
145652 | Abyss:1  | Identified Narch's Almanac of the Escort
146249 | Abyss:1  | Received a gift from Okawaru
146356 | Depths:1 | Escaped the Abyss
146539 | Depths:1 | Voluntarily entered the Abyss.
146753 | Abyss:1  | Gained mutation: Your magical capacity is low (-10% MP). [a cacodemon]
146781 | Abyss:1  | Found an opulent altar of Gozag.
146816 | Depths:1 | Escaped the Abyss
146818 | Depths:1 | Voluntarily entered the Abyss.
147613 | Abyss:1  | Lost mutation: You tend to lose your temper in combat. [a neqoxec]
147617 | Abyss:1  | Gained mutation: Scrolls take you longer to read. [a neqoxec]
147735 | Depths:1 | Escaped the Abyss
147878 | Depths:1 | Voluntarily entered the Abyss.
147878 | Abyss:1  | Found a corrupted altar of Lugonu.
148251 | Abyss:1  | Reached skill level 10 in Conjurations
148589 | Abyss:1  | Found a roughly hewn altar of Beogh.
148624 | Abyss:1  | Paralysed by accursed screaming for 1 turns
148670 | Abyss:1  | Lost mutation: Armour fits poorly on your strangely shaped body. [a neqoxec]
148828 | Depths:1 | Escaped the Abyss
148955 | Depths:1 | Voluntarily entered the Abyss.
149199 | Abyss:1  | Noticed an ancient lich
149209 | Abyss:1  | Killed an ancient lich
149673 | Abyss:1  | Found a corrupted altar of Lugonu.
149794 | Abyss:1  | Found a corrupted altar of Lugonu.
149885 | Abyss:1  | Received a gift from Okawaru
149891 | Abyss:1  | Gained mutation: Armour fits poorly on your strangely shaped body. [a neqoxec]
149893 | Abyss:1  | Gained mutation: Your magical capacity is extremely low (-30% MP). [a neqoxec]
150209 | Abyss:1  | Noticed an ancient lich
150218 | Abyss:1  | Killed an ancient lich
150219 | Abyss:1  | Gained mutation: You expend magic power (3 MP) to strengthen your wands. [a neqoxec]
150222 | Abyss:1  | Gained mutation: Your body often deteriorates upon taking damage. [a neqoxec]
150223 | Abyss:1  | Gained mutation: You are weak. (Str -2) [a neqoxec]
151018 | Depths:1 | Escaped the Abyss
151343 | Depths:1 | Voluntarily entered the Abyss.
151483 | Abyss:1  | Gained mutation: Your magical capacity is extremely low (-30% MP). [a neqoxec]
151796 | Abyss:1  | Found a corrupted altar of Lugonu.
152128 | Abyss:1  | Gained mutation: You are very frail (-20% HP). [a cacodemon]
152131 | Abyss:1  | Gained mutation: Your spells are a little easier to cast, but a little less powerful. [a cacodemon]
153275 | Abyss:1  | Gained mutation: You are very weak. (Str -4) [a neqoxec]
153279 | Abyss:1  | Gained mutation: You tend to lose your temper in combat. [a neqoxec]
153851 | Abyss:1  | Gained mutation: You are extremely frail (-30% HP). [a neqoxec]
153926 | Abyss:1  | Paralysed by accursed screaming for 1 turns
153958 | Depths:1 | Escaped the Abyss
154157 | Depths:1 | Voluntarily entered the Abyss.
154200 | Abyss:1  | Gained mutation: You are occasionally teleported next to monsters. [a neqoxec]
154378 | Abyss:1  | Gained mutation: Your spells are easier to cast, but less powerful. [a shining eye]
154387 | Abyss:1  | Found a corrupted altar of Lugonu.
154477 | Abyss:1  | Received a gift from Okawaru
154477 | Abyss:1  | Reached skill level 15 in Conjurations
154660 | Abyss:1  | Gained mutation: Scrolls take you much longer to read. [a neqoxec]
154661 | Abyss:1  | Gained mutation: Your spells are much easier to cast, but much less powerful. [a neqoxec]
154829 | Abyss:1  | Lost mutation: You tend to lose your temper in combat. [potion of cure mutation]
154829 | Abyss:1  | Lost mutation: Your magical capacity is extremely low (-30% MP). [potion of cure mutation]
154829 | Abyss:1  | Lost mutation: Your spells are much easier to cast, but much less powerful. [potion of cure mutation]
154829 | Abyss:1  | Lost mutation: You expend magic power (3 MP) to strengthen your wands. [potion of cure mutation]
154829 | Abyss:1  | Lost mutation: You are extremely frail (-30% HP). [potion of cure mutation]
155050 | Depths:1 | Escaped the Abyss
155765 | Lair:1   | Lost mutation: Your magical capacity is very low (-20% MP). [potion of cure mutation]
155765 | Lair:1   | Lost mutation: You are very dopey. (Int -4) [potion of cure mutation]
155765 | Lair:1   | Lost mutation: Scrolls take you much longer to read. [potion of cure mutation]
155765 | Lair:1   | Lost mutation: Your magical capacity is low (-10% MP). [potion of cure mutation]
155765 | Lair:1   | Lost mutation: You are very frail (-20% HP). [potion of cure mutation]
155765 | Lair:1   | Lost mutation: Scrolls take you longer to read. [potion of cure mutation]
155765 | Lair:1   | Lost mutation: You frequently scream uncontrollably at your foes. [potion of cure mutation]
155766 | Lair:1   | Lost mutation: You are frail (-10% HP). [potion of cure mutation]
155766 | Lair:1   | Lost mutation: You are dopey. (Int -2) [potion of cure mutation]
155766 | Lair:1   | Lost mutation: Armour fits poorly on your strangely shaped body. [potion of cure mutation]
155767 | Lair:1   | Lost mutation: You sometimes yell uncontrollably at your foes. [potion of cure mutation]
155767 | Lair:1   | Lost mutation: Your spells are easier to cast, but less powerful. [potion of cure mutation]
155767 | Lair:1   | Lost mutation: You are occasionally teleported next to monsters. [potion of cure mutation]
155767 | Lair:1   | Lost mutation: You are very weak. (Str -4) [potion of cure mutation]
155768 | Lair:1   | Lost mutation: You are very clumsy. (Dex -4) [potion of cure mutation]
155768 | Lair:1   | Lost mutation: You are clumsy. (Dex -2) [potion of cure mutation]
155768 | Lair:1   | Lost mutation: Your body often deteriorates upon taking damage. [potion of cure mutation]
155768 | Lair:1   | Lost mutation: Your spells are a little easier to cast, but a little less powerful. [potion of cure mutation]
156198 | Pan      | Entered Pandemonium
156402 | Pan      | Noticed Ojaaca the pandemonium lord
156425 | Pan      | Killed Ojaaca the pandemonium lord
157011 | Pan      | Found an exit through the horrors of the Abyss.
157297 | Pan      | Found an exit through the horrors of the Abyss.
157500 | Pan      | Received a gift from Okawaru
157788 | Pan      | Found a runed door.
158107 | Pan      | Noticed Kyzuloy the pandemonium lord
158126 | Pan      | Killed Kyzuloy the pandemonium lord
158860 | Pan      | Gained mutation: Your natural rate of healing is unusually fast. [a neqoxec]
158903 | Pan      | Noticed Hubumonk the pandemonium lord
158923 | Pan      | Killed Hubumonk the pandemonium lord
158923 | Pan      | Received a gift from Okawaru
159019 | Pan      | Entered the realm of Lom Lobon.
159050 | Pan      | Found an exit through the horrors of the Abyss.
159683 | Pan      | Received a gift from Okawaru
159702 | Pan      | Noticed Lom Lobon
159759 | Pan      | Killed Lom Lobon
159776 | Pan      | Got a magical rune of Zot
159996 | Pan      | Got a pair of translucent gloves {god gift}
160009 | Pan      | Identified the -1 pair of gloves of Giugheud {rC+ Slay+3} (Okawaru gifted it to you in Pandemonium)
160643 | Pan      | Got a scorched morningstar
160646 | Pan      | Identified the +8 morningstar "Viquuvvyi" {crush, *Noise rF- Int+4 SInv} (You found it in Pandemonium)
160678 | Pan      | Found an exit through the horrors of the Abyss.
160743 | Pan      | Gained mutation: You expend magic power (3 MP) to strengthen your wands. [a cacodemon]
161330 | Pan      | Found a runed door.
161347 | Pan      | Found a runed door.
161368 | Pan      | Found a runed door.
161597 | Pan      | Found a runed door.
161610 | Pan      | Noticed Urru the pandemonium lord
161622 | Pan      | Killed Urru the pandemonium lord
161966 | Pan      | Found an exit through the horrors of the Abyss.
161971 | Pan      | Gained mutation: Your spells are a little easier to cast, but a little less powerful. [a neqoxec]
162233 | Pan      | Received a gift from Okawaru
162771 | Pan      | Got a demonic rune of Zot
162945 | Pan      | Found an exit through the horrors of the Abyss.
162955 | Pan      | Noticed Nipyen the pandemonium lord
162987 | Pan      | Killed Nipyen the pandemonium lord
163880 | Pan      | Received a gift from Okawaru
163883 | Pan      | Got a slimy crystal plate armour {god gift}
163951 | Pan      | Identified the +0 crystal plate armour of Weightlessness {rPois rF+ Str+5 Int-3} (Okawaru gifted it to you in Pandemonium)
164290 | Pan      | Got an ancient great mace
164293 | Pan      | Identified the cursed +1 great mace "Impbane" {venom, Dex+6} (You found it in Pandemonium)
164356 | Pan      | Noticed Jecij the pandemonium lord
164382 | Pan      | Killed Jecij the pandemonium lord
164621 | Pan      | Found an exit through the horrors of the Abyss.
165529 | Pan      | Noticed Mennas
165560 | Pan      | Killed Mennas
166560 | Pan      | Found an exit through the horrors of the Abyss.
166700 | Pan      | Noticed Joteran the pandemonium lord
166939 | Pan      | Received a gift from Okawaru
167913 | Pan      | Killed Joteran the pandemonium lord
168774 | Pan      | Found an exit through the horrors of the Abyss.
169380 | Pan      | Found a runed door.
169386 | Pan      | Found a runed door.
169397 | Pan      | Found a runed door.
169408 | Pan      | Found a runed door.
169590 | Pan      | Gained mutation: You are very weak. (Str -4) [a neqoxec]
169646 | Pan      | Received a gift from Okawaru
169785 | Pan      | Found an exit through the horrors of the Abyss.
170052 | Pan      | Noticed Taheni the pandemonium lord
170079 | Pan      | Killed Taheni the pandemonium lord
170111 | Pan      | Got a pair of spiked gloves
170122 | Pan      | Identified the +0 pair of gloves of Grottiness {+Inv rElec rF+ Int+3} (You found it in Pandemonium)
170136 | Pan      | Got a sparkling granite ring
170139 | Pan      | Identified the ring of Mysticism {MR+ Str+3 Stlth+} (You found it in Pandemonium)
170148 | Pan      | Entered the realm of Cerebov.
170203 | Pan      | Found an exit through the horrors of the Abyss.
170796 | Pan      | Received a gift from Okawaru
170800 | Pan      | Got a faintly humming hat {god gift}
170803 | Pan      | Identified the +2 hat "Repif" {Str+3} (Okawaru gifted it to you in Pandemonium)
171204 | Pan      | Noticed Cerebov
171255 | Pan      | Killed Cerebov
171618 | Pan      | Got a fiery rune of Zot
171817 | Pan      | Identified Esehu's Volume of Damaging Dark Arts
171948 | Pan      | Got a smoking broad axe
171951 | Pan      | Identified the +8 broad axe of Gluttony {flame, *Noise +Blink rPois Stlth-} (You found it in Pandemonium)
172182 | Pan      | Got a coiled crystal amulet
172185 | Pan      | Identified the amulet of Hoismaucu {rElec Regen+} (You took it off a red devil in Pandemonium)
172712 | Pan      | Noticed Warghoe the pandemonium lord
172742 | Pan      | Found an exit through the horrors of the Abyss.
173258 | Pan      | Received a gift from Okawaru
173814 | Pan      | Killed Warghoe the pandemonium lord
174047 | Pan      | Gained mutation: Your magical capacity is low (-10% MP). [a cacodemon]
174050 | Pan      | Gained mutation: You have a pair of large horns on your head. [a cacodemon]
174452 | Pan      | Lost mutation: Your body sometimes deteriorates upon taking damage. [potion of cure mutation]
174452 | Pan      | Lost mutation: Your spells are a little easier to cast, but a little less powerful. [potion of cure mutation]
174452 | Pan      | Lost mutation: Scrolls take you a little longer to read. [potion of cure mutation]
174452 | Pan      | Lost mutation: You are very weak. (Str -4) [potion of cure mutation]
174452 | Pan      | Lost mutation: You expend magic power (3 MP) to strengthen your wands. [potion of cure mutation]
174928 | Pan      | Noticed Suedam the pandemonium lord
174966 | Pan      | Killed Suedam the pandemonium lord
175295 | Pan      | Found an exit through the horrors of the Abyss.
176402 | Pan      | Found an exit through the horrors of the Abyss.
176410 | Pan      | Noticed Qeugaehi the pandemonium lord
176447 | Pan      | Killed Qeugaehi the pandemonium lord
176456 | Pan      | Received a gift from Okawaru
177667 | Pan      | Noticed Yppuhor the pandemonium lord
177755 | Pan      | Killed Yppuhor the pandemonium lord
178845 | Pan      | Found an exit through the horrors of the Abyss.
179071 | Pan      | Entered the realm of Gloorx Vloq.
179281 | Pan      | Found an exit through the horrors of the Abyss.
179759 | Pan      | Received a gift from Okawaru
180126 | Pan      | Noticed Gloorx Vloq
180680 | Pan      | Got a dark rune of Zot
180710 | Pan      | Killed Gloorx Vloq
181255 | Pan      | Found a runed door.
181559 | Pan      | Found an exit through the horrors of the Abyss.
182391 | Pan      | Noticed Cyehoyv the pandemonium lord
182418 | Pan      | Killed Cyehoyv the pandemonium lord
182865 | Pan      | Noticed Kafusela the pandemonium lord
182889 | Pan      | Killed Kafusela the pandemonium lord
182889 | Pan      | Received a gift from Okawaru
183380 | Pan      | Found an exit through the horrors of the Abyss.
184140 | Pan      | Gained mutation: You are frail (-10% HP). [a neqoxec]
184226 | Pan      | Lost mutation: Potions and wands are less effective at restoring your health. [a neqoxec]
184700 | Pan      | Found an exit through the horrors of the Abyss.
184721 | Pan      | Noticed Rificurr the pandemonium lord
184736 | Pan      | Killed Rificurr the pandemonium lord
185416 | Pan      | Gained mutation: Scrolls take you a little longer to read. [a neqoxec]
185463 | Pan      | Gained mutation: Your spells are a little easier to cast, but a little less powerful. [a neqoxec]
186091 | Pan      | Found an exit through the horrors of the Abyss.
186132 | Pan      | Gained mutation: You are very frail (-20% HP). [a cacodemon]
186275 | Pan      | Got a pitted pewter amulet
186278 | Pan      | Identified the amulet of Gapaezon {Harm *Drain Str+2} (You found it in Pandemonium)
186289 | Pan      | Received a gift from Okawaru
186378 | Pan      | Lost mutation: Your spells are a little easier to cast, but a little less powerful. [potion of cure mutation]
186378 | Pan      | Lost mutation: Scrolls take you a little longer to read. [potion of cure mutation]
186378 | Pan      | Lost mutation: You are weak. (Str -2) [potion of cure mutation]
186378 | Pan      | Lost mutation: You are very frail (-20% HP). [potion of cure mutation]
186378 | Pan      | Lost mutation: You have a pair of large horns on your head. [potion of cure mutation]
187196 | Pan      | Received a gift from Okawaru
187235 | Pan      | Gained mutation: You are very frail (-20% HP). [a cacodemon]
187269 | Pan      | Noticed Gozop Hid the pandemonium lord
187286 | Pan      | Killed Gozop Hid the pandemonium lord
187320 | Pan      | Lost mutation: Your natural rate of healing is unusually fast. [a cacodemon]
187416 | Pan      | Found an exit through the horrors of the Abyss.
189502 | Pan      | Received a gift from Okawaru
189771 | Pan      | Lost mutation: Your magical capacity is low (-10% MP). [potion of cure mutation]
189771 | Pan      | Lost mutation: You are very frail (-20% HP). [potion of cure mutation]
189771 | Pan      | Lost mutation: You occasionally shout uncontrollably at your foes. [potion of cure mutation]
189771 | Pan      | Lost mutation: You are frail (-10% HP). [potion of cure mutation]
189906 | Pan      | Noticed Foguschot the pandemonium lord
189938 | Pan      | Killed Foguschot the pandemonium lord
190050 | Pan      | Found an exit through the horrors of the Abyss.
190137 | Pan      | Gained mutation: Scrolls take you a little longer to read. [a cacodemon]
190142 | Pan      | Gained mutation: You are agile. (Dex +2) [a cacodemon]
190803 | Pan      | Found an exit through the horrors of the Abyss.
191353 | Pan      | Found a runed door.
191877 | Pan      | Noticed Junastraenen the pandemonium lord
191895 | Pan      | Killed Junastraenen the pandemonium lord
192007 | Pan      | Gained mutation: Your spells are a little easier to cast, but a little less powerful. [a neqoxec]
192139 | Pan      | Found an exit through the horrors of the Abyss.
192262 | Pan      | Noticed Xeuxakuh the pandemonium lord
192283 | Pan      | Killed Xeuxakuh the pandemonium lord
192880 | Pan      | Received a gift from Okawaru
193644 | Pan      | Noticed Conerour the pandemonium lord
193738 | Pan      | Killed Conerour the pandemonium lord
194251 | Pan      | Found an exit through the horrors of the Abyss.
194284 | Pan      | Gained mutation: You are frail (-10% HP). [a neqoxec]
194748 | Pan      | Noticed Qintees the pandemonium lord
194794 | Pan      | Killed Qintees the pandemonium lord
194794 | Pan      | Received a gift from Okawaru
195313 | Pan      | Found an exit through the horrors of the Abyss.
195486 | Pan      | Entered the realm of Mnoleg.
195560 | Pan      | Paralysed by a giant eyeball for 4 turns
195583 | Pan      | Gained mutation: Your spells are easier to cast, but less powerful. [a shining eye]
195592 | Pan      | Noticed Mnoleg
195603 | Pan      | Gained mutation: Armour fits poorly on your strangely shaped body. [a neqoxec]
195610 | Pan      | Gained mutation: Scrolls take you longer to read. [a cacodemon]
195624 | Pan      | Gained mutation: Your body sometimes deteriorates upon taking damage. [a neqoxec]
195633 | Pan      | Paralysed by a giant eyeball for 3 turns
195644 | Pan      | Paralysed by a giant eyeball for 4 turns
195650 | Pan      | HP: 8/245 [tentacled monstrosity[Mnoleg] (6)]
195690 | Pan      | Gained mutation: You occasionally shout uncontrollably at your foes. [a cacodemon]
195709 | Pan      | Received a gift from Okawaru
195977 | Pan      | Gained mutation: You are weak. (Str -2) [a neqoxec]
195987 | Pan      | Gained mutation: Scrolls take you much longer to read. [a neqoxec]
196029 | Pan      | Found an exit through the horrors of the Abyss.
196098 | Pan      | Gained mutation: You expend magic power (3 MP) to strengthen your wands. [a cacodemon]
196112 | Pan      | Killed Mnoleg
196139 | Pan      | Gained mutation: You regenerate slowly when monsters are visible. [a cacodemon]
196448 | Pan      | Got a glowing rune of Zot
196621 | Pan      | Received a gift from Okawaru
196803 | Pan      | Gained mutation: Your body often deteriorates upon taking damage. [a neqoxec]
196916 | Depths:2 | Escaped Pandemonium
197218 | Lair:1   | Gained mutation: You have a pair of large horns on your head. [potion of beneficial mutation]
197487 | Hell     | Upgraded the game from 0.18-a0-1574-g3f9d221 to 0.18-a0-1576-g2b87869
198024 | Coc:2    | Reached skill level 1 in Earth Magic
198146 | Coc:2    | Received a gift from Okawaru
198149 | Coc:2    | Got a distressingly furry plate armour {god gift}
198153 | Coc:2    | Identified the +1 plate armour of Ymiddauh {rPois Int+7 Dex-3 Slay+5} (Okawaru gifted it to you on level 2 of Cocytus)
198707 | Coc:3    | Reached skill level 5 in Earth Magic
199985 | Coc:4    | Reached skill level 10 in Earth Magic
200117 | Coc:4    | Received a gift from Okawaru
201381 | Coc:5    | Received a gift from Okawaru
203808 | Coc:6    | Received a gift from Okawaru
203932 | Coc:7    | Entered Level 7 of Cocytus
204230 | Coc:7    | Noticed Antaeus
204266 | Coc:7    | Received a gift from Okawaru
204276 | Coc:7    | Killed Antaeus
204377 | Coc:7    | Got an icy rune of Zot
204953 | Coc:7    | Identified the Papyrus of Captivating Moulding
204966 | Coc:7    | Learned a level 9 spell: Tornado
204975 | Coc:7    | Got a slimy mace
204979 | Coc:7    | Identified the +7 mace "Xopuum" {venom, rF+ rN+ SInv Stlth-} (You found it on level 7 of Cocytus)
205066 | Coc:7    | Received a gift from Okawaru
207055 | Tar:3    | Received a gift from Okawaru
207095 | Tar:3    | Got a slimy plate armour {god gift}
207099 | Tar:3    | Identified the +0 plate armour "Nuchacve" {rElec rF+ Stlth+} (Okawaru gifted it to you on level 3 of Tartarus)
207977 | Tar:4    | Reached skill level 27 in Spellcasting
208176 | Tar:4    | Reached skill level 1 in Hexes
208196 | Tar:4    | Reached skill level 1 in Air Magic
209022 | Tar:5    | Received a gift from Okawaru
209117 | Tar:5    | Noticed an ancient lich
209125 | Tar:5    | Killed an ancient lich
209147 | Tar:5    | Reached skill level 5 in Air Magic
209241 | Tar:5    | Reached skill level 5 in Hexes
210377 | Tar:6    | Received a gift from Okawaru
210399 | Tar:6    | Got a transparent shield {god gift}
210403 | Tar:6    | Identified the +3 shield of Puos {MR+ Int+2} (Okawaru gifted it to you on level 6 of Tartarus)
211349 | Tar:7    | Entered Level 7 of Tartarus
212038 | Tar:7    | Reached skill level 1 in Charms
212301 | Tar:7    | Reached skill level 10 in Air Magic
213184 | Tar:7    | Got a twisted mace
213189 | Tar:7    | Identified the +9 mace of Dishonesty {crush, +Fly rPois Dex+6} (You found it on level 7 of Tartarus)
213266 | Tar:7    | Reached skill level 5 in Charms
213278 | Tar:7    | Received a gift from Okawaru
213316 | Tar:7    | Noticed Ereshkigal
213359 | Tar:7    | Killed Ereshkigal
213384 | Tar:7    | Got a bone rune of Zot
213388 | Tar:7    | Got a faintly glowing golden ring
213392 | Tar:7    | Identified the ring of Imaf {*Corrode rElec rF+ Str+2 Stlth+} (You found it on level 7 of Tartarus)
213400 | Tar:7    | Identified the Grimoire of Boosts
214000 | Geh:1    | Entered Level 1 of Gehenna
215349 | Geh:2    | Received a gift from Okawaru
215949 | Geh:3    | Reached skill level 15 in Evocations
216672 | Geh:3    | Received a gift from Okawaru
216803 | Geh:3    | Reached skill level 5 in Invocations
217363 | Geh:4    | Received a gift from Okawaru
217388 | Geh:4    | Got a warped shield {god gift}
217392 | Geh:4    | Identified the +0 shield of Crawling {MR+ Dex+2} (Okawaru gifted it to you on level 4 of Gehenna)
217552 | Geh:4    | Reached skill level 10 in Invocations
218768 | Geh:6    | Received a gift from Okawaru
219825 | Geh:7    | Entered Level 7 of Gehenna
219960 | Geh:7    | Received a gift from Okawaru
221037 | Geh:7    | Received a gift from Okawaru
221573 | Geh:7    | Reached skill level 27 in Conjurations
221574 | Geh:7    | Noticed Asmodeus
221604 | Geh:7    | Killed Asmodeus
221604 | Geh:7    | Reached skill level 27 in Fire Magic
221673 | Geh:7    | Identified the Grimoire of Aid (You found it on level 7 of Gehenna)
221748 | Geh:7    | Got a scorched diamond amulet
221752 | Geh:7    | Identified the amulet "Riag" {+Rage +Fly rN+ Dex+3 SInv} (You found it on level 7 of Gehenna)
221776 | Geh:7    | Got an obsidian rune of Zot
221796 | Geh:7    | Received a gift from Okawaru
222656 | Zot:5    | Killed an ancient lich
222735 | Zot:5    | Got the Orb of Zot
222784 | Zot:5    | Noticed a seraph
222803 | Zot:5    | Killed a seraph
222959 | Zot:4    | Reached skill level 15 in Air Magic
223022 | Zot:1    | Noticed Dyentyn the pandemonium lord
223037 | Zot:1    | Killed Dyentyn the pandemonium lord
223275 | Depths:1 | Lost mutation: You have a pair of large horns on your head. [mutagenic glow]
223304 | D:15     | Gained mutation: You are very frail (-20% HP). [mutagenic glow]
223509 | D:6      | Noticed Erhywn the pandemonium lord
223532 | D:6      | Killed Erhywn the pandemonium lord
223540 | D:5      | Noticed a seraph
223640 | D:1      | Gained mutation: Your magical capacity is low (-10% MP). [mutagenic glow]
223685 | D:$      | Escaped with the Orb!

Vault maps used:
D:1:      evilmike_arrival_fibonacci_small
D:2:      first_bread, grunt_pakellas_basics
D:3:      ecumenical_altar_2, minmay_misc_feat_rugged, hangedman_decor_opposing,
          minmay_misc_feat_cross, kennysheep_decorative_pillar,
          serial_bayou_pond_b, uniq_robin
D:4:      kennysheep_goblin_castle, uniq_eustachio
D:5:      basic_altar, portal_sewer_entry_d, uniq_blork_the_orc, uniq_pikel
D:6:      nicolae_overflow_crystal_walls, minmay_temple_entry_statues_fountains,
          serial_shops, shop_statue, shop, uniq_prince_ribbit1
D:7:      kennysheep_mini_moat, uniq_joseph
D:8:      lemuel_crystal_altar, old_standard_altar, lair_0_dummy, basic_altar,
          serial_shops, shop, uniq_maurice
D:9:      nicolae_overflow_quartered_altars
D:10:     david_orc_5, serial_shops, shop, nicolae_trove_entry_crossroad,
          hangedman_tell_no_tales, sword_in_stone
D:11:     serial_shops, nicolae_shop_overgrown_old_shop, nrook_mini_vaults
D:12:     lemuel_nasty_fountain, uniq_snorg
D:13:     erik_vaults_2
D:14:     basic_altar, minivault_4, due_unseen_surprise
D:15:     grunt_enter_depths_magical_seal, nicolae_water_bricks, basic_altar
Temple:   hc_temple_tempest_star
Lair:1:   st_stairs_6, uniq_nergalle
Lair:2:   beast_lair_carwin_large_3
Lair:3:   minmay_lair_venomous_thicket, swamp_mist_pool,
          portal_ice_cave_entry_imps, beast_lair_carwin_5
Lair:4:   lab_entry_generic
Lair:5:   uniq_maud
Lair:6:   spider_nest_entry_a, kilobyte_rumbling_trees, serial_bayou_shore_a,
          grunt_megastairs_3, infiniplex_staircase_pool, lemuel_fruit_tree
Lair:7:   dpeg_slime_entry_enclosed_altar
Lair:8:   minmay_lair_end_enchanted_forest
Swamp:1:  nicolae_swamp_rocky_clearing, swamp_pool5
Swamp:2:  evilmike_swamp_ruin_wall
Swamp:3:  serial_swamp_ruin, evilmike_swamp_ruin_house_5,
          evilmike_swamp_ruin_house_2, uniq_mara
Swamp:4:  swamp_basic_johnstein, swamp_pool4, uniq_roxanne
Spider:1: uniq_azrael
Spider:2: nicolae_spider_mines_1, nicolae_arachne_temple
Spider:3: uniq_louise
Spider:4: spider_rune_water
Slime:3:  uniq_dissolution
Slime:4:  cheibrodos_slime_lost_civilization_1
Orc:1:    lightli_bailey_entry_fortress
Orc:2:    pubby_orc_utopia
Elf:1:    elf_arrival_002, minivault_28
Elf:2:    guppyfry_elf_altar
Elf:3:    minmay_elf_hall_spiked, serial_shops, shop_fountains, spider_trap,
          nicolae_elf_glass_and_crystal_pillar_2
Vaults:1: nicolae_vaults_ninety_degrees, ontoclasm_vaults_loading_screen,
          st_squares, vaults_room_stairs_pillars, grunt_vaults_hallway_long,
          v_misc_18, v_rooms_4, serial_shops, shop
Vaults:2: nicolae_vaults_hallways_thing, ontoclasm_vaults_fault, v_misc_25,
          vaults_dpeg_cross, v_misc_3, vaults_mumra_lcd, hangedman_vaults_nodes,
          ontoclasm_vaults_tryst, vaults_mumra_minichess_inversion, v_rooms_5,
          vaults_standard_mumra_lines, minmay_crypt_entry_necro_gods,
          grunt_vaults_diagonal, v_rooms_3, vaults_room_hallway,
          nicolae_vaults_theta
Vaults:3: v_pattern_2, st_star, v_misc_10, ontoclasm_vaults_loading_screen,
          hangedman_vaults_stitches, hangedman_vaults_restitches,
          nicolae_vaults_angled_halls, vaults_room_hallway,
          dpeg_vaults_monster_box, vaults_room_stairs_pillars, v_rooms_2,
          nicolae_vaults_little_squares_2
Vaults:4: nicolae_vaults_what_the_h, v_misc_9, nicolae_vaults_little_squares_4,
          vaults_room_semicircle, nicolae_vaults_big_angled_halls,
          hangedman_vaults_stretched_pinwheel, hangedman_vaults_hat, v_misc_18,
          v_misc_3, vaults_room_door_ring, nicolae_vaults_theta,
          stair_cage_open, nicolae_vaults_mini_display_case,
          nicolae_vaults_shelves_hall
Vaults:5: serial_shops
Crypt:1:  grunt_megastairs_4
Crypt:2:  grunt_ministairs_6, st_shrine_of_skulls, uniq_donald
Crypt:3:  david_glass_crypt
Tomb:3:   uniq_frederick
Depths:1: ziggurat_fallback, minmay_misc_feat_iff, abyss_entry, hell_entry,
          lightli_giant_bouncers, kennysheep_random_hallway
Depths:2: hangedman_slaughterboxes, hell_entry, serial_shops, pan_entry
Depths:3: minmay_open_boxes_in_corner, rand_demon_pan_entry_1, minmay_holes,
          grunt_hell_entry_dis_mu, feat_on_display, infiniplex_staircase_pool_2,
          uniq_jory, uniq_sojobo
Depths:4: evilmike_cross, abyss_entry, serial_shops, shop, shop, shop,
          pf_hell_entry_tar_spiral, kennysheep_another_room
Depths:5: grunt_zot_entry_funnels, abyss_entry_flame_altar, serial_shops,
          shop_statue, hell_entry, uniq_xtahua
Dis:3:    grunt_megastairs_2
Dis:5:    grunt_dis_stairs_iron_hall
Dis:6:    lemuel_elevator
Dis:7:    dis_hangedman
Geh:1:    minmay_fire_ice_demons
Geh:2:    lemuel_elevator
Geh:3:    nicolae_geh_lava_in_the_way
Geh:5:    gehenna_fire_generator
Geh:7:    geh_mu
Coc:7:    coc_dpeg
Tar:1:    grunt_megastairs_1
Tar:5:    nicolae_tar_cuneiform_city, nicolae_tar_cuneiform_water
Tar:6:    nicolae_tar_cuneiform_bird
Tar:7:    tar_minmay_river
Zot:1:    lemuel_halls_of_wrath
Zot:2:    lemuel_acid_trip
Zot:4:    circus_mu
Zot:5:    st_stairs_2
Abyss:1:  hangedman_abyss_or_decor_passed, evilmike_abyss_exit_1,
          evilmike_abyss_exit_3, evilmike_abyss_exit_mutagenic,
          evilmike_abyss_exit_disperse, minivault_24
Abyss:4:  minivault_22, serial_sigils_hangedman_shear, evilmike_abyss_exit_3
Pan:      evilmike_mini_pan_thingy, pan_blood_fountain, nicolae_pan_mnolegish_4,
          rand_demon_9, nicolae_pan_sigil_nadil, nicolae_pan_lom_lobonic_4,
          lemuel_hall_of_pain, lom_lobon_grunt_wind_tunnels, rand_demon_7,
          pan_blood_fountain, evilmike_mini_pan_pillars,
          pan_blood_fountain_small, rand_demon_3, evilmike_mini_pan_pillars_b,
          rand_demon_4, uniq_mennas_pan, lemuel_draining_boxes,
          nicolae_pan_cerebovesque_2, rand_demon_7, cerebov_st,
          nicolae_pan_diamonds, grunt_pan_zigzag, grunt_pan_in_and_out,
          grunt_pan_zigzag, nicolae_pan_mnolegish_5, gloorx_vloq, rand_demon_9,
          pan_blood_fountain_2, nicolae_pan_mnolegish_1,
          nicolae_pan_double_arrow, evilmike_mini_pan_doors, rand_demon_4,
          nicolae_pan_mnolegish_3, lemuel_hellion_island, rand_demon_1,
          nicolae_pan_sigil_itan, rand_demon_9, evilmike_mini_pan_doors_b,
          rand_demon_6, nicolae_pan_sigil_uleosi, rand_demon_4,
          mnoleg_grunt_wretched_star
Zig:6:    ziggurat_loot_2
Zig:7:    ziggurat_pillar_centre_c
Zig:8:    ziggurat_pillar_centre_oklobs
Zig:9:    ziggurat_pillar_centre_smoke
Zig:11:   ziggurat_pillar_centre_dead_trees
Zig:12:   ziggurat_loot_1
Zig:15:   ziggurat_loot_1
Lab:      labyrinth_watery
Sewer:    sewer_co_tree
Bailey:   bailey_polearm_2, bailey

Skill      XL: |  1  2  3  4  5  6  7  8  9 10 11 12 13 14 15 16 17 18 19 20 21 22 23 24 25 26 27 |
---------------+----------------------------------------------------------------------------------+-----
Axes           | 3 4 5 6 7 8 10 11 12 13 14 15 16 17 18 19 20 21 22 27 | 27.0
Fighting       | 4 5 6 8 9 11 12 13 15 16 17 18 19 20 21 22 23 24 25 26 27 | 27.0
Shields        | 4 5 6 7 9 10 11 12 13 14 15 17 18 19 20 21 22 23 24 27 | 27.0
Armour         | 4 5 6 7 8 9 10 11 12 13 14 15 16 17 18 19 20 22 27 | 27.0
Dodging        | 1 2 3 4 5 6 8 9 10 11 12 13 14 15 16 17 18 19 20 27 | 27.0
Maces & Flails | 1 4 6 8 9 10 12 13 14 15 16 17 18 19 20 21 27 | 27.0
Invocations    | 1 3 4 10 | 10.1
Evocations     | 2 4 16 | 16.0
Spellcasting   | 27 | 27.0
Necromancy     | 19 | 19.2
Transmutations | 19 | 19.5
Fire Magic     | 27 | 27.0
Conjurations   | 27 | 27.0
Earth Magic    | 10 | 10.5
Hexes          | 8 |  8.7
Air Magic      | 15 | 15.9
Charms         | 6 |  6.0

Action                   |  1- 3 |  4- 6 |  7- 9 | 10-12 | 13-15 | 16-18 | 19-21 | 22-24 | 25-27 || total
-------------------------+-------+-------+-------+-------+-------+-------+-------+-------+-------++-------
Melee: War axe           |   116 |   106 |   445 |    77 |       |       |       |       |       ||   744
       Flail             |       |       |       |   611 |  1570 |  1956 |  1375 |  2282 |  4506 || 12300
       Broad axe         |       |       |       |       |       |       |   160 |       | 23364 || 23524
       Staff             |       |       |       |       |       |       |       |       |    37 ||    37
 Cast: Necromutation     |       |       |       |       |       |       |       |       |   289 ||   289
       Regeneration      |       |       |       |       |       |       |       |       |   188 ||   188
       Lehudib's Crystal |       |       |       |       |       |       |       |       |    23 ||    23
       Fire Storm        |       |       |       |       |       |       |       |       |    13 ||    13
       Repel Missiles    |       |       |       |       |       |       |       |       |    11 ||    11
       Deflect Missiles  |       |       |       |       |       |       |       |       |     8 ||     8
       Bolt of Fire      |       |       |       |       |       |       |       |       |     5 ||     5
       Invisibility      |       |       |       |       |       |       |       |       |     3 ||     3
       Dispel Undead     |       |       |       |       |       |       |       |       |     2 ||     2
       Fireball          |       |       |       |       |       |       |       |       |     1 ||     1
       Apportation       |       |       |       |       |       |       |       |       |     1 ||     1
Invok: Finesse           |       |       |       |       |     1 |     5 |     3 |     5 |    70 ||    84
       Heroism           |       |       |       |       |       |     5 |     1 |     1 |     2 ||     9
Evoke: Wand              |       |       |       |     1 |    12 |       |       |     9 |   103 ||   125
       Stone of tremors  |       |       |       |       |       |       |     1 |     2 |       ||     3
       Sack of spiders   |       |       |       |       |       |       |       |     1 |     1 ||     2
       Deck              |       |       |       |       |       |       |       |       |     2 ||     2
       Horn of Geryon    |       |       |       |       |       |       |       |       |     2 ||     2
       Figurine of a zig |       |       |       |       |       |       |       |       |     1 ||     1
       Phantom mirror    |       |       |       |       |       |       |       |       |     1 ||     1
  Use: Scroll            |       |    15 |     8 |    12 |    29 |    11 |     8 |    21 |   170 ||   274
       Potion            |       |     1 |     3 |     4 |     1 |    14 |     2 |     2 |   132 ||   159
 Stab: Invisible         |       |       |       |     1 |       |       |       |       |    15 ||    16
       Sleeping          |       |       |       |       |     6 |       |       |       |       ||     6
       Distracted        |       |       |       |       |     2 |       |       |     1 |    14 ||    17
       Confused          |       |       |       |       |       |     2 |       |       |     5 ||     7
       Petrified         |       |       |       |       |       |       |       |       |     7 ||     7
       Petrifying        |       |       |       |       |       |       |       |       |     6 ||     6
       Paralysed         |       |       |       |       |       |       |       |       |     4 ||     4
  Eat: Chunk             |     2 |     7 |    16 |    26 |    38 |    15 |    21 |    15 |    39 ||   179
       Fruit             |       |       |       |     7 |       |    10 |       |     3 |    82 ||   102
       Pizza             |       |       |       |       |       |     2 |     2 |     3 |    14 ||    21
       Beef jerky        |       |       |       |       |       |     7 |     1 |     2 |    13 ||    23
       Meat ration       |       |       |       |       |       |     1 |     1 |     1 |    22 ||    25
       Royal jelly       |       |       |       |       |       |       |       |     7 |    25 ||    32
       Bread ration      |       |       |       |       |       |       |       |     1 |    61 ||    62
